 Dungeon Crawl Stone Soup version 0.24.0-41-g2ae2f7f1be (webtiles) character file.

Game seed: 11245648220945543246, levelgen mode: deterministic

2863289 DildoBatman the Petrodigitator (level 27, 237/237 HPs)
             Began as a Formicid Wizard on Dec 13, 2019.
             Was an Initiate of Gozag.
             Escaped with the Orb
             ... and 4 runes on Dec 14, 2019!
             The game lasted 06:16:14 (77411 turns).

DildoBatman the Petrodigitator (Formicid Wizard)   Turns: 77411, Time: 06:16:15

Health: 237/237    AC: 31    Str: 18    XL:     27
Magic:  58/58      EV: 40    Int: 27    God:    Gozag
Gold:   37401      SH: 35    Dex: 14    Spells: 5/70 levels left

rFire    + + .     SeeInvis +   a - staff of energy
rCold    + + +     Gourm    .   e - +10 large shield of Ignorance {rN+ Int-4}
rNeg     + + +     Faith    .   o - +4 troll leather armour
rPois    ∞         Spirit   .   (helmet unavailable)
rElec    +         Reflect  .   y - +2 cloak of Twilight {rPois rF++ Regen+ Str+4 Slay-6}
rCorr    .         Harm     .   W - +2 pair of gloves of Parlour Games {rElec Int+2 Dex+3}
MR       +++++                  J - +2 pair of boots "Pikhleus" {Str+2 Stlth+}
Stlth    +++.......             m - amulet of Buecaish {RegenMP rC+ MP+9}
HPRegen  1.29/turn              s - ring of Phasing {EV+8}
MPRegen  0.61/turn              i - ring of Tuozatt {rElec rPois rC+ MR+++ Str-2}

@: lich-form
A: permanent stasis, dig shafts and tunnels, four strong arms, antennae 3,
repulsion field 1, agile 1, sense surroundings 1
0: Orb of Zot
}: 4/15 runes: barnacled, silver, golden, gossamer
a: Dig, Shaft Self, End Transformation, Potion Petition, Call Merchant, Bribe
Branch, Renounce Religion


You escaped.
You worshipped Gozag.
Gozag was extremely pleased with you.
You were not hungry.
You were a lich.
You visited 12 branches of the dungeon, and saw 56 of its levels.
You completed 3 ziggurats, and saw 81 of their levels.
You also visited: Gauntlet and Wizlab.

You collected 65311 gold pieces.
You spent 5691 gold pieces at shops.
You paid 22219 gold pieces to Gozag.

Inventory:

Hand Weapons
 b - the +14 lance "Wyrmbane" {slay drac, rPois rF+ rC+ AC+3}
   (You found it on level 22 of a ziggurat)

   It affects your AC (+3).
   It protects you from fire.
   It protects you from cold.
   It protects you from poison.
Missiles
 n - 19 throwing nets (quivered)
 N - 149 silver javelins
Armour
 e - the +10 large shield of Ignorance (worn) {rN+ Int-4}
   (You found it on level 3 of the Vaults)

   It affects your intelligence (-4).
   It protects you from negative energy.
 o - a +4 troll leather armour (worn)
 y - the +2 cloak of Twilight (worn) {rPois rF++ Regen+ Str+4 Slay-6}
   (You found it on level 3 of the Tomb of the Ancients)

   It affects your strength (+4).
   It affects your accuracy and damage with ranged weapons and melee attacks
   (-6).
   It greatly protects you from fire.
   It protects you from poison.
   It increases your rate of regeneration.
 J - the +2 pair of boots "Pikhleus" (worn) {Str+2 Stlth+}
   (You found it on level 2 of the Crypt)

   It affects your strength (+2).
   It makes you more stealthy.
 W - the +2 pair of gloves of Parlour Games (worn) {rElec Int+2 Dex+3}
   (You acquired it on level 10 of a ziggurat)

   It affects your intelligence (+2).
   It affects your dexterity (+3).
   It insulates you from electricity.
Magical Staves
 a - an uncursed staff of energy (weapon)
Jewellery
 g - the brooch of Shielding {Reflect SH+8}
   (You found it on level 10 of a ziggurat)

   [amulet of reflection]

   It shields you and reflects attacks.
   It affects your SH (+8).
 i - the ring of Tuozatt (right hand) {rElec rPois rC+ MR+++ Str-2}
   (You found it on level 3 of the Elven Halls)

   [ring of protection from cold]

   It affects your strength (-2).
   It protects you from cold.
   It insulates you from electricity.
   It protects you from poison.
   It affects your resistance to hostile enchantments.
 m - the amulet of Buecaish (around neck) {RegenMP rC+ MP+9}
   (You took it off an ironbrand convoker on level 5 of the Vaults)

   [amulet of magic regeneration]

   It increases your magic regeneration.
   It protects you from cold.
   It affects your magic capacity (+9).
 s - the ring of Phasing (left hand) {EV+8}
   (You found it on level 20 of a ziggurat)

   [ring of evasion]

   It affects your evasion (+8).
 t - the ring of Tifownus {+Fly rC+ Dex+7 SInv Stlth-}
   (You found it on level 7 of a ziggurat)

   [ring of flight]

   It affects your dexterity (+7).
   It protects you from cold.
   It lets you see invisible.
   It lets you fly.
   It makes you less stealthy.
 w - the ring "Piffaim" {+Inv rN+ MP+9 Int+5}
   (You found it on level 3 of the Tomb of the Ancients)

   [ring of positive energy]

   It affects your intelligence (+5).
   It protects you from negative energy.
   It affects your magic capacity (+9).
   It lets you turn invisible.
Wands
 k - a wand of acid (47)
 l - a wand of scattershot (12)
 K - a wand of clouds (4)
 Q - a wand of iceblast (58)
Scrolls
 f - 7 scrolls of immolation
 p - 32 scrolls of enchant armour
 r - 18 scrolls of holy word
 u - 36 scrolls of fog
 x - 55 scrolls of remove curse
 z - 54 scrolls of identify
 C - 11 scrolls of magic mapping
 F - 8 scrolls of summoning
 G - 11 scrolls of amnesia
Potions
 d - a potion of invisibility
 q - 4 potions of resistance
 A - 10 potions of mutation
 I - 6 potions of agility
 L - 2 potions of brilliance
 P - 8 potions of cancellation
 T - 10 potions of heal wounds
 U - 18 potions of curing
 V - 5 potions of magic
 Y - 5 potions of might
 Z - 10 potions of ambrosia
Miscellaneous
 c - a lightning rod (4/4)
 h - 28 sacks of spiders
 j - a lamp of fire
 B - a fan of gales
 H - a phial of floods
 M - 26 boxes of beasts
 O - 25 phantom mirrors
Comestibles
 v - 33 rations


   Skills:
 * Level 23.7 Fighting
 * Level 16.2 Polearms
 * Level 20.4 Throwing
 O Level 27 Armour
 O Level 27 Dodging
 * Level 20.3 Stealth
 O Level 27 Shields
 * Level 22.0 Spellcasting
 O Level 27 Conjurations
 - Level 12.0 Hexes
 - Level 6.6 Charms
 - Level 10.0 Summonings
 - Level 19.0 Necromancy
   Level 0.8 Translocations
 - Level 19.0 Transmutations
   Level 5.1 Fire Magic
 O Level 27 Ice Magic
 O Level 27 Air Magic
 O Level 27 Earth Magic
 * Level 22.2 Evocations


You had 5 spell levels left.
You knew the following spells:

 Your Spells              Type           Power        Failure   Level  Hunger
a - Chain Lightning       Conj/Air       ########..   1%          8    N/A
b - Shatter               Erth           ########..   1%          9    N/A
c - Tornado               Air            ########..   1%          9    N/A
d - Necromutation         Tmut/Necr      ########..   3%          8    N/A
e - Glaciate              Conj/Ice       ########..   1%          9    N/A
f - Borgnjor's Vile Clut  Necr/Erth      ########..   0%          5    N/A
g - Darkness              Hex            #######...   1%          6    N/A
h - Ozocubu's Armour      Chrm/Ice       #######.     0%          3    N/A
i - Aura of Abjuration    Summ           ######....   1%          5    N/A
j - Regeneration          Chrm/Necr      #######...   1%          3    N/A

Your spell library contained the following spells:

 Spells                   Type           Power        Failure   Level  Hunger
 Animate Skeleton         Necr           N/A          0%          1    N/A
 Beastly Appendage        Tmut           ######       0%          1    N/A
 Confusing Touch          Hex            ######       0%          1    N/A
 Corona                   Hex            #######      0%          1    N/A
 Flame Tongue             Conj/Fire      #####        0%          1    N/A
 Freeze                   Ice            ####         0%          1    N/A
 Magic Dart               Conj           ####         0%          1    N/A
 Pain                     Necr           ####         0%          1    N/A
 Sandblast                Erth           ######       0%          1    N/A
 Shock                    Conj/Air       ####         0%          1    N/A
 Sting                    Conj/Pois      ####         0%          1    N/A
 Corpse Rot               Necr           N/A          0%          2    N/A
 Ensorcelled Hibernation  Hex/Ice        ######       0%          2    N/A
 Passwall                 Tmut/Erth      ########     0%          2    N/A
 Poisonous Vapours        Pois/Air       ######       0%          2    N/A
 Searing Ray              Conj           ######       0%          2    N/A
 Slow                     Hex            #######.     0%          2    N/A
 Sticks to Snakes         Tmut           #######.     0%          2    N/A
 Sublimation of Blood     Necr           ########..   0%          2    N/A
 Swiftness                Chrm/Air       #######.     0%          2    N/A
 Throw Flame              Conj/Fire      ######       0%          2    N/A
 Throw Frost              Conj/Ice       ######       0%          2    N/A
 Conjure Flame            Conj/Fire      #######.     0%          3    N/A
 Dazzling Spray           Conj/Hex       ######       0%          3    N/A
 Mephitic Cloud           Conj/Pois/Air  #######.     0%          3    N/A
 Static Discharge         Conj/Air       ########     0%          3    N/A
 Stone Arrow              Conj/Erth      ######       0%          3    N/A
 Vampiric Draining        Necr           ########..   0%          3    N/A
 Airstrike                Air            ########..   0%          4    N/A
 Animate Dead             Necr           N/A          0%          4    N/A
 Fulminant Prism          Conj/Hex       #######...   0%          4    N/A
 Ice Form                 Ice/Tmut       ########     0%          4    N/A
 Iskenderun's Mystic Bla  Conj           ########     0%          4    N/A
 Leda's Liquefaction      Hex/Erth       #######...   0%          4    N/A
 Petrify                  Tmut/Erth      ########     0%          4    N/A
 Summon Ice Beast         Ice/Summ       #######.     0%          4    N/A
 Summon Lightning Spire   Summ/Air       #######.     0%          4    N/A
 Throw Icicle             Conj/Ice       ########     0%          4    N/A
 Agony                    Necr           ########     0%          5    N/A
 Blade Hands              Tmut           #######...   0%          5    N/A
 Bolt of Draining         Conj/Necr      ########..   0%          5    N/A
 Bolt of Magma            Conj/Fire/Erth #######...   0%          5    N/A
 Dispel Undead            Necr           ########     0%          5    N/A
 Irradiate                Conj/Tmut      ########..   0%          5    N/A
 Lee's Rapid Deconstruct  Erth           ########..   0%          5    N/A
 Lightning Bolt           Conj/Air       ########..   0%          5    N/A
 Metabolic Englaciation   Hex/Ice        #######...   0%          5    N/A
 Silence                  Hex/Air        #######...   0%          5    N/A
 Apportation              Tloc           ####..       1%          1    N/A
 Infusion                 Chrm           ####         1%          1    N/A
 Summon Butterflies       Summ           ######..     1%          1    N/A
 Summon Small Mammal      Summ           ####         1%          1    N/A
 Call Imp                 Summ           ######..     1%          2    N/A
 Shroud of Golubria       Chrm/Tloc      #####.       1%          2    N/A
 Song of Slaying          Chrm           ######..     1%          2    N/A
 Call Canine Familiar     Summ           ######..     1%          3    N/A
 Confuse                  Hex            #######.     1%          3    N/A
 Ignite Poison            Fire/Tmut/Pois ######..     1%          3    N/A
 Inner Flame              Hex/Fire       ######..     1%          3    N/A
 Portal Projectile        Hex/Tloc       ######       1%          3    N/A
 Recall                   Summ/Tloc      N/A          1%          3    N/A
 Spectral Weapon          Hex/Chrm       ######..     1%          3    N/A
 Spider Form              Tmut/Pois      ######....   1%          3    N/A
 Summon Guardian Golem    Hex/Summ       ######..     1%          3    N/A
 Tukima's Dance           Hex            #######.     1%          3    N/A
 Cause Fear               Hex            #######...   1%          4    N/A
 Force Lance              Conj/Tloc      #######.     1%          4    N/A
 Sticky Flame             Conj/Fire      #######.     1%          4    N/A
 Alistair's Intoxication  Tmut/Pois      ######..     1%          5    N/A
 Excruciating Wounds      Chrm/Necr      #######...   1%          5    N/A
 Fireball                 Conj/Fire      #######...   1%          5    N/A
 Iskenderun's Battlesphe  Conj/Chrm      #######.     1%          5    N/A
 Summon Demon             Summ           ######....   1%          5    N/A
 Summon Mana Viper        Hex/Summ       ######..     1%          5    N/A
 Venom Bolt               Conj/Pois      #######...   1%          5    N/A
 Yara's Violent Unravell  Hex/Tmut       #######...   1%          5    N/A
 Gell's Gravitas          Tloc           ####......   2%          3    N/A
 Lesser Beckoning         Tloc           ####......   2%          3    N/A
 Teleport Other           Tloc           ####....     2%          3    N/A
 Summon Forest            Summ/Tloc      ######....   4%          5    N/A
 Olgreb's Toxic Radiance  Pois           ####....     13%         4    N/A
 Bolt of Cold             Conj/Ice       ########..   0%          6    N/A
 Conjure Ball Lightning   Conj/Air       ########..   0%          6    N/A
 Freezing Cloud           Conj/Ice/Air   ########..   0%          6    N/A
 Iron Shot                Conj/Erth      ########..   0%          6    N/A
 Ozocubu's Refrigeration  Ice            ########..   0%          6    N/A
 Simulacrum               Ice/Necr       ########..   0%          6    N/A
 Statue Form              Tmut/Erth      ########.    0%          6    N/A
 Bolt of Fire             Conj/Fire      #######...   1%          6    N/A
 Death Channel            Necr           ########..   1%          6    N/A
 Deflect Missiles         Chrm/Air       #######...   1%          6    N/A
 Hydra Form               Tmut           #######...   1%          6    N/A
 Invisibility             Hex            #######.     1%          6    N/A
 Poison Arrow             Conj/Pois      #######...   1%          6    N/A
 Dragon Form              Tmut           #######...   1%          7    N/A
 Orb of Destruction       Conj           ########..   1%          7    N/A
 Spellforged Servitor     Conj/Summ      #######...   1%          7    N/A
 Lehudib's Crystal Spear  Conj/Erth      ########..   1%          8    N/A
 Shadow Creatures         Summ           N/A          3%          6    N/A
 Haunt                    Necr/Summ      ########..   3%          7    N/A
 Borgnjor's Revivificati  Necr           ########..   3%          8    N/A
 Infestation              Necr           ########..   3%          8    N/A
 Monstrous Menagerie      Summ           ######....   19%         7    N/A
 Summon Greater Demon     Summ           ######....   19%         7    N/A
 Summon Hydra             Summ           ######....   19%         7    N/A
 Death's Door             Chrm/Necr      #######...   41%         8    N/A
 Discord                  Hex            #######...   54%         8    N/A
 Ring of Flames           Chrm/Fire      ######....   71%         7    N/A
 Malign Gateway           Summ/Tloc      ######....   77%         7    N/A
 Dispersal                Tloc           ####......   82%         6    N/A
 Summon Horrible Things   Summ           ######....   82%         8    N/A
 Fire Storm               Conj/Fire      #######...   88%         9    N/A
 Disjunction              Tloc           ####......   100%        8    N/A
 Ignition                 Fire           ######....   100%        8    N/A
 Dragon's Call            Summ           ######....   100%        9    N/A
 Blink                    Tloc           Unusable     N/A         2    N/A
 Passage of Golubria      Tloc           Unusable     N/A         4    N/A
 Controlled Blink         Tloc           Unusable     N/A         8    N/A

Dungeon Overview and Level Annotations

Branches:
Dungeon (15/15)            Temple (1/1) D:6            Lair (6/6) D:8
 Shoals (4/4) Lair:3       Spider (4/4) Lair:2        Slime (0/5) Lair:6
    Orc (2/2) D:12            Elf (3/3) Orc:2        Vaults (5/5) D:14
  Crypt (3/3) Vaults:3       Tomb (3/3) Crypt:3      Depths (5/5) D:15
    Zot (5/5) Depths:5     WizLab (visited)         Gauntlet (visited)

Altars:
Ashenzari
Cheibriados
Dithmenos
Elyvilon
Fedhas
Gozag
Hepliaklqana
Kikubaaqudgha
Makhleb
Nemelex Xobeh
Okawaru
Qazlal
Ru
Sif Muna
Trog
Uskayaw
Vehumet
Wu Jian
Xom
Yredelemnul
Zin
The Shining One
Beogh

Shops:
D:8 !   D:9 ?   Orc:1 ?   Orc:2 =}%}   Elf:1 }   Elf:3 %   Shoals:2 :?!![
Vaults:1 %   Vaults:3 ?   Depths:3 *

Portals:
Hell: Depths:1
Abyss: Depths:4 Depths:5
Ziggurat: Tomb:3 Depths:5


Innate Abilities, Weirdness & Mutations

You cannot be hasted, slowed, berserked, paralysed or teleported.
You can dig through walls and to a lower floor.
Your four strong arms can wield two-handed weapons with a shield.
You have a pair of large antennae on your head. (SInv)
You are surrounded by a mild repulsion field. (EV +2)
You are agile. (Dex +2)
You passively map a small area around you.


Message History

You hear a grinding noise.
An orange demon comes into view.
A cacodemon comes into view.
You hear a grinding noise.
The cacodemon gestures at the rock wall.
You hear a grinding noise.
There is a stone staircase leading up here.
You climb upwards.
There is a stone staircase leading down, spattered with blood here.
There is a stone staircase leading up here.
You climb upwards.
There is a stone staircase leading down here.
There is a stone staircase leading up here.
You climb upwards.
There is a stone staircase leading down here.
Magic restored.
You enter the shallow water.
Moving in this stuff is going to be slow.
There is a staircase leading out of the dungeon here.
You have escaped!

# ########
.......#
.#####.#
....##.#
.##.##.#
.......#
###########
###.####
#L.......># #
#.#
#####.........#
###.#####
#≈.##.........#
#.......#
#≈≈.#.........#
#.#.###.#
#≈≈≈..........#
#.#.###.#
##≈≈≈.........#
#.#..##.#
#≈≈≈≈........#
#.##.##.#
##≈≈≈≈≈≈≈≈...#
#.##.##.#
##≈≈≈≈≈≈≈≈≈≈###


There were no monsters in sight!

Vanquished Creatures
  10 orbs of fire
  Mara (Elf:3)
  19 ancient liches
  2 juggernauts
  30 pandemonium lords
  Sojobo (Vaults:2)
  136 greater mummies
  The ghost of Ulecsuczon the Impregnable, a veteran MiGl of Hepliaklqana (Crypt:2)
  26 Killer Klowns
  17 shard shrikes
  Saint Roka (Crypt:1)
  Frederick (Vaults:2)
  Bai Suzhen (Crypt:1)
  Margery (Depths:4)
  5 caustic shrikes
  4 curse toes
  41 golden dragons
  The ghost of Scypier the Sensei, a veteran DsAK of Lugonu (Depths:3)
  The ghost of Jetyrhek the Devastator, a veteran GrEE of Lugonu (Crypt:2)
  A golden dragon (shapeshifter) (Depths:4)
  7 profane servitors
  Jory (Depths:3)
  13 liches
  3 doom hounds (Zig:19)
  9 bone dragons
  7 Brimstone Fiends
  20 tentacled monstrosities
  3 electric golems
  12 Tzitzimimeh
  3 iron giants
  11 Hell Sentinels
  27 Ice Fiends
  The ghost of tamionv the Wallflower, an adept GrFi of Uskayaw (Vaults:2)
  A Cloud Mage (WizLab)
  29 Orb Guardians
  Rupert (D:13)
  44 deep elf master archers
  52 deep elf blademasters
  21 quicksilver dragons
  A quicksilver dragon (shapeshifter) (Zig:12)
  13 titans
  5 death cobs
  A kraken (Shoals:1)
  5 tentacled starspawn
  22 acid blobs
  41 sphinxes
  8 Executioners
  2 eldritch tentacles
  10 storm dragons
  Kirke (Shoals:1)
  2 sphinxes (shapeshifter)
  13 tengu reavers
  23 shadow dragons
  28 ancient champions
  6 thorn hunters
  5 warmongers
  A shadow dragon (shapeshifter) (Zig:19)
  Donald (Shoals:1)
  109 nagarajas
  Roxanne (Spider:2)
  16 draconian monks
  3 azure jellies (shapeshifter) (Zig:19)
  17 azure jellies
  17 fire giants
  21 revenants
  3 fire giants (shapeshifter)
  4 iron dragons
  5 emperor scorpions
  An iron dragon (shapeshifter) (Depths:4)
  A frost giant (shapeshifter) (Zig:12)
  23 draconian knights
  Aizul (Crypt:1)
  12 caustic shrike zombies
  23 frost giants
  An emperor scorpion (shapeshifter) (Zig:12)
  7 deep elf sorcerers
  21 vault wardens
  21 draconian scorchers
  A spectral caustic shrike (Zig:24)
  15 balrugs
  13 ghost moths
  5 cacodemons
  18 draconian shifters
  2 spectral juggernauts (Zig:24)
  9 juggernaut zombies
  45 orc warlords
  A ghost moth (shapeshifter) (Zig:21)
  5 deep elf elementalists
  19 draconian stormcallers
  19 very ugly things
  12 draconian annihilators
  15 curse skulls
  50 stone giants
  The ghost of jaiteiro the Blocker, a journeyman MiFi of Ashenzari (Elf:1)
  10 war gargoyles
  13 blood saints
  18 ironheart preservers
  A spriggan defender (Vaults:2)
  15 ghouls
  A stone giant (shapeshifter) (Zig:12)
  11 caustic shrike skeletons
  14 green draconians
  22 entropy weavers
  3 juggernaut skeletons
  22 reapers
  43 deep elf annihilators
  6 lorocyprocas
  24 bennus
  56 deep elf demonologists
  14 white draconians
  6 corrupters
  23 vampire knights
  12 yellow draconians
  15 black suns
  The ghost of Brozuf the Grappler, a journeyman TrMo of Ru (Lair:2)
  12 purple draconians
  Azrael (Spider:2)
  A minotaur (Gauntlet)
  A spark wasp (shapeshifter) (Zig:16)
  12 black draconians
  16 spark wasps
  Snorg (Lair:3)
  23 eidola
  9 red draconians
  32 blizzard demons
  12 jiangshi
  11 merfolk javelineers
  14 ettins
  49 green deaths
  2 crystal guardians
  A quicksilver dragon zombie (Zig:24)
  16 great orbs of eyes
  93 mummy priests
  The ghost of Haxyobbu the Fighter, a journeyman MiFi of Okawaru (Lair:2)
  11 deep elf death magi
  10 yaktaur captains
  Josephine (Shoals:1)
  13 merfolk impalers
  7 death oozes
  The ghost of Junaliek the Protected, a journeyman MiFi of Okawaru (Lair:2)
  45 deep elf high priests
  The ghost of Edeilir the Thaumaturge, a journeyman DEFE of Vehumet (Lair:3)
  8 fire dragons
  A spectral golden dragon (Zig:24)
  Harold (D:7)
  37 vault guards
  14 ghost crabs
  25 naga warriors
  5 rakshasas
  A hydra (shapeshifter) (Depths:4)
  3 caustic shrike simulacra
  27 ice dragons
  A juggernaut simulacrum (Zig:25)
  25 shambling mangroves
  A catoblepas (Depths:4)
  8 quicksilver dragon skeletons
  51 hydras
  11 death knights
  12 merfolk aquamancers
  17 ogre magi
  10 spriggan air magi
  3 alligator snapping turtles
  32 two-headed ogres
  8 hell beasts
  An alligator snapping turtle (shapeshifter) (Zig:19)
  14 anacondas
  6 centaur warriors
  A satyr (shapeshifter) (Zig:10)
  16 alligators
  7 merfolk avatars
  4 death yaks
  An alligator (shapeshifter) (Depths:4)
  The ghost of Rankid the Blocker, a journeyman GrFi of Gozag (Lair:3)
  A queen ant (Zot:4)
  4 satyrs
  An anaconda (shapeshifter) (Vaults:5)
  9 deep troll shamans
  30 naga sharpshooters
  6 tengu warriors
  11 deep troll earth magi
  3 two-headed ogres (shapeshifter)
  119 death scarabs
  4 titan zombies
  24 shock serpents
  2 spriggan berserkers
  Urug (Lair:3)
  8 storm dragon zombies
  14 vampire magi
  5 thrashing horrors
  18 hell knights
  3 spectral elves (Zig:24)
  55 deep elf knights
  51 orc high priests
  3 sun demons
  23 soul eaters
  11 titan skeletons
  2 shock serpents (shapeshifter)
  3 fire crabs (Zig:11)
  6 iron golems
  7 sixfirhies
  7 wretched stars
  57 skeletal warriors
  18 shadow wraiths
  A sea snake (shapeshifter) (Zig:9)
  A cherub (Zig:14)
  6 salamander mystics
  27 death drakes
  17 iron trolls
  A spark wasp zombie (Zig:15)
  A death drake (shapeshifter) (Zig:12)
  6 storm dragon skeletons
  A spatial maelstrom (Zig:20)
  26 swamp dragons
  5 shadow demons
  2 quicksilver dragon simulacra
  2 spectral iron dragons (Zig:24)
  19 deep trolls
  2 deep trolls (shapeshifter)
  2 unseen horrors
  31 sea snakes
  10 spriggan druids
  7 glowing orange brains
  An infernal demonspawn (Zig:16)
  2 torturous demonspawn
  A ghost moth zombie (Crypt:1)
  11 flayed ghosts
  39 deep elf archers
  A glowing orange brain (shapeshifter) (Zig:14)
  9 starcursed masses
  8 obsidian statues
  7 golden dragon zombies
  6 wizards
  2 gelid demonspawn
  7 shadow dragon zombies
  6 necromancers
  45 orc knights
  Pikel (D:4)
  34 ironbrand convokers
  2 iron dragon zombies
  An anaconda skeleton (Crypt:3)
  18 harpies
  11 naga ritualists
  7 orange crystal statues
  22 phantasmal warriors
  11 golden dragon skeletons
  29 orb spiders
  56 wolf spiders
  A wolf spider zombie (D:15)
  30 orc sorcerers
  2 wolf spiders (shapeshifter)
  An oklob plant (Gauntlet)
  7 tengu zombies
  16 mana vipers
  4 mana vipers (shapeshifter)
  7 sphinx zombies
  160 deep elf magi
  A shining eye (shapeshifter) (Zig:14)
  9 shadow dragon skeletons
  15 cyclopes
  7 sphinx skeletons
  4 orb spiders (shapeshifter)
  9 tengu skeletons
  A faun (shapeshifter) (Zig:18)
  44 ugly things
  48 moths of wrath
  A salamander (shapeshifter) (Elf:3)
  6 fauns
  4 iron dragon skeletons
  3 cyclopes (shapeshifter)
  7 salamanders
  7 shining eyes
  3 elephants (Lair:6)
  72 black mambas
  3 manticores (shapeshifter)
  22 manticores
  3 rust devils
  18 large abominations
  A guardian serpent (shapeshifter) (Vaults:2)
  Maurice (D:8)
  A fire giant skeleton (Zig:5)
  14 merfolk sirens
  35 guardian serpents
  29 apocalypse crabs
  A dire elephant zombie (Tomb:2)
  3 eyes of devastation
  An elephant (shapeshifter) (Zig:9)
  26 naga magi
  6 ice statues
  A stone giant skeleton (Zig:5)
  19 water nymphs
  16 vault sentinels
  A titan simulacrum (Zig:25)
  A black mamba (shapeshifter) (Zig:12)
  20 spiny frogs
  9 spriggan zombies
  16 orange demons
  7 smoke demons
  10 spriggan skeletons
  6 torpor snails (Zig:22)
  3 gargoyles
  2 efreet
  14 hellions
  11 rime drakes
  An eye of devastation (shapeshifter) (Zig:9)
  39 freezing wraiths
  A golden dragon simulacrum (Zig:25)
  A rime drake (shapeshifter) (Zig:21)
  48 yaktaurs
  171 guardian mummies
  17 ice devils
  2 yaktaurs (shapeshifter)
  22 demonic crawlers
  20 tormentors
  5 ancient zymes
  9 komodo dragons
  3 hellwings
  24 trolls
  A hydra zombie (Crypt:1)
  10 red devils
  9 tyrant leeches
  6 tengu conjurers
  A silent spectre (Zig:19)
  55 hornets
  2 trolls (shapeshifter)
  2 jumping spiders (shapeshifter)
  77 merfolk
  A tengu simulacrum (Zig:24)
  A shadow dragon simulacrum (Zig:15)
  A sphinx simulacrum (Zig:20)
  An ice dragon zombie (Tomb:2)
  56 jumping spiders
  20 wind drakes
  6 polar bears (Lair:6)
  4 raiju
  A tarantella zombie (Crypt:2)
  49 slime creatures
  An ettin zombie (Crypt:3)
  3 blink frogs (shapeshifter)
  10 blink frogs
  15 hippogriffs
  16 bog bodies
  2 dream sheep (shapeshifter)
  A hydra skeleton (Crypt:2)
  A snapping turtle (shapeshifter) (Zig:18)
  2 iron dragon simulacra
  14 dream sheep
  A meliai zombie (Crypt:3)
  19 snapping turtles
  6 spriggans
  54 flying skulls
  56 tarantellas
  139 redbacks
  3 redbacks (shapeshifter)
  3 ynoxinuls
  A tarantella (shapeshifter) (Zig:9)
  A guardian serpent skeleton (Crypt:1)
  12 shadows
  4 wyverns
  52 yaks
  A spriggan (shapeshifter) (Vaults:2)
  32 air elementals
  A dire elephant simulacrum (Crypt:3)
  2 yaks (shapeshifter)
  A vampire (Zig:20)
  3 ice dragon skeletons
  14 fire elementals
  28 water elementals
  A hog (shapeshifter) (Depths:2)
  A human (shapeshifter) (Vaults:3)
  48 ushabtiu
  A golden eye (Zig:14)
  6 hogs (Shoals:1)
  14 wraiths
  A steam dragon (D:12)
  4 hungry ghosts
  A tyrant leech zombie (Crypt:2)
  6 vampire mosquitoes
  Grum (D:9)
  11 chaos spawn
  11 neqoxecs
  Menkaure (D:5)
  3 elf simulacra
  3 human zombies
  4 swamp worms (shapeshifter)
  3 insubstantial wisps
  26 nagas
  22 wargs
  16 water moccasins
  5 acid dragons
  An acid dragon (shapeshifter) (Zig:19)
  A monstrous demonspawn zombie (Crypt:3)
  3 ogre skeletons
  11 hell hounds
  3 floating eyes (Depths:2)
  16 swamp drakes
  10 porcupines
  16 ice beasts
  7 sky beasts
  3 small abominations
  3 black bears
  152 orc warriors
  4 slaves (D:4)
  26 elf zombies
  A hornet zombie (D:13)
  3 phantoms
  10 eyes of draining
  12 necrophages
  3 wolves
  85 ogres
  3 boggarts (D:15)
  24 elf skeletons
  A swamp dragon skeleton (Crypt:3)
  A swamp dragon zombie (Crypt:3)
  11 crocodiles
  27 centaurs
  A snapping turtle skeleton (Crypt:1)
  A rime drake skeleton (Crypt:2)
  2 big kobolds
  Blork the orc (D:4)
  13 bullfrogs
  3 glowing shapeshifter simulacra
  A yaktaur zombie (Crypt:3)
  A yaktaur skeleton (D:15)
  28 earth elementals
  A gnoll sergeant (D:11)
  A cyclops zombie (D:15)
  A wyvern zombie (D:12)
  A warg zombie (Orc:2)
  2 scorpions
  14 killer bees
  A troll zombie (Orc:2)
  A cyclops skeleton (D:15)
  2 troll skeletons (Orc:2)
  4 warg skeletons
  7 wights
  5 howler monkeys
  An electric eel (Lair:5)
  3 crimson imps
  9 jellies
  3 centaur zombies
  3 bullfrog zombies
  5 hounds
  An iron imp (Zig:3)
  8 centaur skeletons
  2 bullfrog skeletons
  53 orc priests
  A human skeleton (Crypt:1)
  42 orc wizards
  An iguana (D:8)
  A black bear skeleton (Crypt:2)
  A demonspawn skeleton (Crypt:2)
  12 worker ants
  A killer bee zombie (Crypt:1)
  3 ogre zombies
  An acid dragon skeleton (D:15)
  A deep dwarf skeleton (Crypt:2)
  A crocodile skeleton (Crypt:3)
  A hound zombie (D:5)
  A hound skeleton (D:4)
  242 mummies
  5 worker ant zombies
  A howler monkey skeleton (D:6)
  18 adders
  9 gnolls
  A gnoll skeleton (Orc:2)
  12 shadow imps
  14 white imps
  A worm zombie (D:13)
  4 adder zombies
  3 adder skeletons
  A lava snake skeleton (Crypt:1)
  4 worms
  A dart slug (D:3)
  3 leopard geckos
  134 orcs
  9 bats
  10 giant cockroaches
  3 goblins
  5 hobgoblins
  8 jackals
  23 kobolds
  4 quokkas
  2 ball pythons (D:4)
  5 frilled lizards
  A giant cockroach zombie (Crypt:3)
  2 jackal skeletons
  A jackal zombie (D:8)
  A kobold skeleton (D:13)
  13 orc skeletons
  14 orc zombies
  A quokka skeleton (D:4)
  A quokka zombie (Crypt:3)
  7 rats
  6 blocks of ice
  70 briar patches
  A fungus (Lair:6)
  9 plants
  2 starspawn tentacles (Zig:13)
6834 creatures vanquished.

Vanquished Creatures (collateral kills)
  A redback (Spider:1)
1 creature vanquished.

Vanquished Creatures (others)
  An orb of fire (Zot:5)
  A Killer Klown (Zig:19)
  Xtahua (Crypt:1)
  A quicksilver dragon (Zig:26)
  An eldritch tentacle (Zig:19)
  A nagaraja (Zig:25)
  A frost giant (Depths:3)
  A cacodemon (Zig:13)
  A stone giant (Vaults:2)
  A very ugly thing (Zig:9)
  2 deep elf demonologists (Zig:27)
  A white draconian (Depths:5)
  A blizzard demon (Zig:25)
  A fire dragon (Depths:1)
  81 dancing weapons
  2 deep elf archers
  2 manticores
  2 yaktaurs (Vaults:1)
  3 hornets
  3 slime creatures
  A wraith (Zig:26)
  A tarantella (Spider:2)
  2 centaurs (Vaults:2)
  A killer bee (D:10)
  An orc priest (Orc:1)
  An orc wizard (Zig:22)
  2 kobolds (D:13)
  2 blocks of ice (Zot:5)
  2 briar patches (Zig:19)
  A bush (Lair:3)
  29 fungi
  45 plants
  7 starspawn tentacles
  48 tentacles (Shoals:1)
251 creatures vanquished.

Grand Total: 7086 creatures vanquished

Notes
Turn   | Place    | Note
-------+----------+-------------------------------------------
     0 | D:1      | DildoBatman the Formicid Wizard began the quest for the
                  | Orb.
     0 | D:1      | Reached XP level 1. HP: 13/13 MP: 4/4
    31 | D:1      | Reached skill level 1 in Conjurations
   254 | D:1      | Reached XP level 2. HP: 19/19 MP: 3/6
  1048 | D:1      | Reached XP level 3. HP: 21/24 MP: 2/7
  1053 | D:1      | Learned a level 3 spell: Conjure Flame
  1057 | D:1      | Learned a level 3 spell: Mephitic Cloud
  1281 | D:2      | Noticed a sky beast
  1395 | D:2      | Reached XP level 4. HP: 30/30 MP: 1/8
  2164 | D:2      | Found a faded altar of an unknown god.
  2202 | D:3      | Reached XP level 5. HP: 35/35 MP: 5/9
  2745 | D:3      | Found a radiant altar of Vehumet.
  2749 | D:3      | Found a glowing golden altar of the Shining One.
  3147 | D:4      | Noticed an ogre
  3159 | D:4      | Killed an ogre
  3159 | D:4      | Reached skill level 5 in Conjurations
  3159 | D:4      | Reached XP level 6. HP: 41/41 MP: 3/10
  3593 | D:4      | Reached XP level 7. HP: 45/46 MP: 1/11
  3857 | D:4      | Reached skill level 1 in Fire Magic
  3963 | D:3      | Reached skill level 1 in Air Magic
  4182 | D:5      | Entered Level 5 of the Dungeon
  4188 | D:5      | Noticed Blork the orc
  4305 | D:5      | Found a glowing silver altar of Zin.
  4376 | D:5      | Found an opulent altar of Gozag.
  4473 | D:5      | Reached XP level 8. HP: 25/52 MP: 9/12
  4560 | D:5      | Noticed Menkaure
  4930 | D:5      | Noticed Pikel
  5930 | D:6      | Found a staircase to the Ecumenical Temple.
  5941 | Temple   | Entered the Ecumenical Temple
  6005 | Temple   | Became a worshipper of Kikubaaqudgha
  6291 | D:6      | Reached skill level 5 in Fire Magic
  6299 | D:6      | Reached XP level 9. HP: 51/57 MP: 5/13
  6309 | D:6      | Reached skill level 5 in Air Magic
  6330 | D:6      | Reached skill level 1 in Necromancy
  6815 | D:6      | Reached * piety under Kikubaaqudgha
  6815 | D:6      | Identified Kikubaaqudgha's Collected Works on Dark Secrets
                  | (Kikubaaqudgha gifted it to you on level 6 of the Dungeon)
  6815 | D:6      | Received a gift from Kikubaaqudgha
  6820 | D:6      | Learned a level 2 spell: Sublimation of Blood
  6824 | D:6      | Learned a level 3 spell: Regeneration
  6843 | D:6      | Found a hide-covered altar of Uskayaw.
  6855 | D:6      | Found an ornate altar of the Wu Jian Council.
  6858 | D:6      | Found a sparkling altar of Nemelex Xobeh.
  6861 | D:6      | Found a snail-covered altar of Cheibriados.
  7011 | D:7      | Reached skill level 1 in Charms
  7041 | D:7      | Noticed Harold
  7072 | D:7      | Killed Harold
  7072 | D:7      | Reached skill level 5 in Necromancy
  7321 | D:7      | Reached XP level 10. HP: 63/63 MP: 7/14
  7467 | D:8      | Found a shadowy altar of Dithmenos.
  7558 | D:8      | Noticed Maurice
  7593 | D:8      | Killed Maurice
  7834 | D:8      | Found Paneoz's Distillery.
  7837 | D:8      | Bought a potion of degeneration for 13 gold pieces
  7859 | D:8      | Noticed a two-headed ogre
  7930 | D:8      | Killed a two-headed ogre
  7962 | D:8      | Found a staircase to the Lair.
  8271 | D:8      | Found a white marble altar of Elyvilon.
  8441 | D:9      | Noticed a two-headed ogre
  8489 | D:9      | Reached ** piety under Kikubaaqudgha
  8526 | D:9      | Found Picuwn's Magic Scroll Shoppe.
  8551 | D:9      | Reached skill level 5 in Spellcasting
  8679 | D:9      | Reached XP level 11. HP: 68/68 MP: 16/19
  8701 | D:9      | Noticed a green ugly thing
  8702 | D:9      | Noticed a green ugly thing
  8730 | D:9      | Noticed Grum
  8783 | D:9      | Killed a two-headed ogre
  8805 | D:9      | Found a shimmering altar of Xom.
  8808 | D:9      | Found a shimmering altar of Xom.
  8808 | D:9      | Found a shimmering altar of Xom.
  8808 | D:9      | Found a shimmering altar of Xom.
  8809 | D:9      | Found a shimmering altar of Xom.
  8812 | D:9      | Found a shimmering altar of Xom.
  8812 | D:9      | Found a shimmering altar of Xom.
  8837 | D:9      | Killed Grum
  8883 | D:9      | Reached skill level 1 in Fighting
  8883 | D:9      | Reached skill level 1 in Armour
  8999 | D:9      | Killed a green ugly thing
  9021 | D:9      | Killed a green ugly thing
  9069 | D:9      | Noticed a seven-headed hydra
  9099 | D:9      | Killed a seven-headed hydra
  9265 | D:9      | Found the +10 dark maul {crush}
  9279 | D:9      | Got an ivory arbalest
  9389 | D:9      | Found a stormy altar of Qazlal.
  9507 | D:9      | Identified the +5 arbalest of Checks and Balances {penet,
                  | rF- Int+2 Dex+3 SInv} (You found it on level 9 of the
                  | Dungeon)
  9533 | D:10     | Entered Level 10 of the Dungeon
  9734 | D:10     | Reached *** piety under Kikubaaqudgha
  9734 | D:10     | Identified Kikubaaqudgha's Volume of Dark Rites
                  | (Kikubaaqudgha gifted it to you on level 10 of the Dungeon)
  9734 | D:10     | Received a gift from Kikubaaqudgha
  9752 | D:10     | Learned a level 5 spell: Borgnjor's Vile Clutch
  9801 | D:10     | Learned a level 5 spell: Dispel Undead
 10001 | D:10     | Reached skill level 1 in Earth Magic
 10100 | D:10     | Noticed a skeletal warrior
 10103 | D:10     | Noticed a skeletal warrior
 10226 | D:10     | Noticed a skeletal warrior
 10227 | D:10     | Reached skill level 5 in Earth Magic
 10230 | D:10     | Noticed a skeletal warrior
 10232 | D:10     | Noticed a skeletal warrior
 10362 | D:10     | Killed a skeletal warrior
 10362 | D:10     | Reached XP level 12. HP: 41/83 MP: 2/23
 10371 | D:10     | Killed a skeletal warrior
 10419 | D:10     | Killed a skeletal warrior
 10419 | D:10     | Killed a skeletal warrior
 10419 | D:10     | Killed a skeletal warrior
 10662 | D:10     | Reached **** piety under Kikubaaqudgha
 10978 | D:11     | You fall into a shaft and drop 3 floors!
 10982 | D:14     | Noticed a centaur warrior
 10984 | D:14     | Reached skill level 10 in Earth Magic
 11006 | D:14     | Killed a centaur warrior
 11130 | D:14     | Noticed a centaur warrior
 11143 | D:14     | Killed a centaur warrior
 11281 | D:14     | Reached skill level 5 in Armour
 11283 | D:14     | Reached skill level 5 in Fighting
 11306 | D:14     | Noticed a rakshasa
 11346 | D:14     | Killed a rakshasa
 11467 | D:14     | You fall into a shaft and drop 1 floor!
 11467 | D:15     | Entered Level 15 of the Dungeon
 11497 | D:15     | Noticed a tengu warrior
 11540 | D:15     | Reached skill level 5 in Dodging
 11669 | D:15     | Reached XP level 13. HP: 83/93 MP: 16/24
 11728 | D:15     | Reached ***** piety under Kikubaaqudgha
 12167 | D:14     | Noticed Rupert
 13698 | D:12     | Found a staircase to the Orcish Mines.
 13979 | Orc:1    | Entered Level 1 of the Orcish Mines
 13997 | Orc:1    | Reached ****** piety under Kikubaaqudgha
 14020 | D:12     | Received a gift from Kikubaaqudgha
 14025 | D:12     | Fell from the grace of Kikubaaqudgha
 14180 | D:5      | Became a worshipper of Gozag Ym Sagoz the Greedy
 14278 | D:5      | Killed Menkaure
 14380 | D:4      | Killed Blork the orc
 14384 | D:4      | Killed Pikel
 14854 | D:13     | Reached XP level 14. HP: 90/105 MP: 3/25
 14941 | D:13     | Got a ripped robe
 15012 | D:13     | Identified the +1 robe of the Stag {rCorr Int+3} (You found
                  | it on level 13 of the Dungeon)
 15961 | D:13     | Killed Rupert
 15961 | D:13     | Reached skill level 10 in Fighting
 15961 | D:13     | Reached skill level 10 in Armour
 16323 | D:14     | Found a gate to the Vaults.
 16329 | D:14     | Reached skill level 5 in Shields
 16925 | D:15     | Found a staircase to the Depths.
 17096 | D:15     | Noticed a reaper
 17528 | D:15     | Reached XP level 15. HP: 96/115 MP: 7/26
 17627 | D:15     | Reached skill level 10 in Shields
 17648 | D:15     | Found a white marble altar of Elyvilon.
 18439 | Orc:1    | Found Luyj's Magic Scroll Emporium.
 18551 | Orc:1    | Bought a scroll of magic mapping for 49 gold pieces
 18602 | Orc:1    | You fall into a shaft and drop 1 floor!
 18602 | Orc:2    | Entered Level 2 of the Orcish Mines
 18602 | Orc:2    | Found Jaikimpy's Gadget Emporium.
 18641 | Orc:2    | Noticed an orc warlord
 18647 | Orc:2    | Killed an orc warlord
 18894 | Orc:2    | Found a roughly hewn altar of Beogh.
 19006 | Orc:2    | Found Cuama's Food Shop.
 19122 | Orc:2    | Identified the +3 hand crossbow of Dim Light {velocity,
                  | rElec rN+}
 20066 | Orc:2    | Found a roughly hewn altar of Beogh.
 20164 | Orc:2    | Found Veuvewned's Jewellery Emporium.
 20169 | Orc:2    | Was forgiven by Kikubaaqudgha
 20275 | Orc:2    | Found Sagrell's Gadget Shoppe.
 20468 | Orc:2    | Found a staircase to the Elven Halls.
 21322 | Lair:1   | Entered Level 1 of the Lair of Beasts
 22318 | Lair:2   | You fall into a shaft and drop 1 floor!
 22318 | Lair:3   | Found a gate leading to a gauntlet.
 22326 | Lair:3   | Learned a level 5 spell: Bolt of Draining
 22371 | Lair:3   | Found a staircase to the Shoals.
 22517 | Gauntlet | Entered a Gauntlet
 22517 | Gauntlet | Found a transporter.
 22517 | Gauntlet | Found a transporter.
 22518 | Gauntlet | Found a transporter.
 22519 | Gauntlet | Found a transporter.
 22519 | Gauntlet | Found a transporter.
 22522 | Gauntlet | Found a transporter.
 22529 | Gauntlet | Found a transporter.
 22530 | Gauntlet | Found a transporter.
 22531 | Gauntlet | Found a transporter.
 22533 | Gauntlet | Found a transporter.
 22541 | Gauntlet | Found a transporter.
 22544 | Gauntlet | Found a transporter.
 22722 | Gauntlet | Got a steaming granite ring
 22731 | Gauntlet | Identified the ring of the Equinox {Fire Str+6 Int+8 Dex-5}
                  | (You found it in a Gauntlet)
 22785 | Gauntlet | Reached XP level 16. HP: 90/117 MP: 5/29
 22852 | Gauntlet | Identified the +10 dire flail of the Imperium {freeze, rN+}
 22852 | Gauntlet | Identified the amulet "Cokliphe" {+Rage rC+ MR+}
 22875 | Gauntlet | Got a slimy short sword
 22875 | Gauntlet | Got a twisted short sword
 22910 | Gauntlet | Got an ichor-stained giant club
 22917 | Lair:3   | Identified the +3 short sword of Acapnutera {pierce, rN+
                  | Int+4 Dex-2} (You found it in a Gauntlet)
 22918 | Lair:3   | Identified the cursed +2 short sword of the New World
                  | {pierce, +Fly rPois Str+5 Int-5} (You found it in a
                  | Gauntlet)
 23066 | Lair:3   | Noticed Urug
 23077 | Lair:3   | Killed Urug
 23275 | Lair:3   | Noticed Snorg
 23284 | Lair:3   | Killed Snorg
 23824 | Lair:2   | Found a hole to the Spider Nest.
 23927 | Lair:2   | Found a runed translucent gate.
 23927 | Lair:2   | Found a runed translucent gate.
 23927 | Lair:2   | Found a runed translucent gate.
 23929 | Lair:2   | Noticed Junaliek's ghost (journeyman MiFi)
 23929 | Lair:2   | Noticed Edeilir's ghost (journeyman DEFE)
 23929 | Lair:2   | Noticed Haxyobbu's ghost (journeyman MiFi)
 23930 | Lair:2   | Noticed Brozuf's ghost (journeyman TrMo)
 23931 | Lair:2   | Noticed Rankid's ghost (journeyman GrFi)
 24185 | Lair:4   | Reached skill level 15 in Shields
 24250 | Lair:4   | Reached skill level 10 in Spellcasting
 25568 | Lair:6   | Entered Level 6 of the Lair of Beasts
 26318 | Lair:6   | Found a staircase to the Slime Pits.
 27123 | Lair:2   | Killed Brozuf's ghost
 27163 | Lair:3   | Killed Edeilir's ghost
 27163 | Lair:3   | Reached XP level 17. HP: 74/123 MP: 13/34
 27179 | Lair:3   | Killed Rankid's ghost
 27255 | Lair:2   | Killed Junaliek's ghost
 27258 | Lair:2   | Killed Haxyobbu's ghost
 27440 | Shoals:1 | Entered Level 1 of the Shoals
 27544 | Shoals:1 | Noticed Josephine
 27556 | Shoals:1 | Killed Josephine
 27620 | Shoals:1 | Noticed a kraken
 27814 | Shoals:1 | Killed a kraken
 28029 | Shoals:1 | Noticed Donald
 28063 | Shoals:1 | Killed Donald
 28259 | D:9      | Bought a scroll of holy word for 90 gold pieces
 28259 | D:9      | Bought a scroll of identify for 24 gold pieces
 28259 | D:9      | Bought a scroll of identify for 24 gold pieces
 28259 | D:9      | Bought a scroll of immolation for 42 gold pieces
 28259 | D:9      | Bought 2 scrolls of identify for 48 gold pieces
 28259 | D:9      | Bought a scroll of holy word for 90 gold pieces
 28259 | D:9      | Bought a scroll of immolation for 42 gold pieces
 28259 | D:9      | Bought a scroll of enchant weapon for 90 gold pieces
 28293 | D:8      | Identified 3 scrolls of acquirement
 28302 | D:8      | Gained mutation: You are frail. (-10% HP) [potion of
                  | mutation]
 28302 | D:8      | Gained mutation: Scrolls take you a little longer to read.
                  | [potion of mutation]
 28302 | D:8      | Lost mutation: You are frail. (-10% HP) [potion of
                  | mutation]
 28591 | Shoals:1 | Noticed Kirke
 28626 | Shoals:1 | Killed Kirke
 28626 | Shoals:1 | Reached skill level 15 in Spellcasting
 28942 | Shoals:2 | Found Ytibbuj's Book Emporium.
 28957 | Shoals:2 | Found Pucid's Distillery.
 28988 | Shoals:2 | Bought a potion of agility for 60 gold pieces
 28988 | Shoals:2 | Bought a potion of curing for 45 gold pieces
 28988 | Shoals:2 | Bought a potion of agility for 60 gold pieces
 28988 | Shoals:2 | Bought a potion of heal wounds for 75 gold pieces
 28988 | Shoals:2 | Bought a potion of heal wounds for 75 gold pieces
 28988 | Shoals:2 | Bought a potion of heal wounds for 75 gold pieces
 28988 | Shoals:2 | Bought a potion of might for 60 gold pieces
 29139 | Shoals:2 | Found Zefol's Armour Shoppe.
 29324 | Shoals:2 | Bought a scroll of identify for 32 gold pieces
 29324 | Shoals:2 | Bought a scroll of identify for 32 gold pieces
 29324 | Shoals:2 | Bought a scroll of identify for 32 gold pieces
 29324 | Shoals:2 | Bought a scroll of magic mapping for 56 gold pieces
 29324 | Shoals:2 | Bought a scroll of fog for 32 gold pieces
 29324 | Shoals:2 | Bought a scroll of summoning for 152 gold pieces
 29543 | Shoals:2 | Found Gatwo's Distillery.
 29551 | Shoals:2 | Bought a potion of curing for 48 gold pieces
 29551 | Shoals:2 | Bought a potion of curing for 48 gold pieces
 29551 | Shoals:2 | Bought a potion of magic for 128 gold pieces
 29551 | Shoals:2 | Bought a potion of mutation for 128 gold pieces
 29551 | Shoals:2 | Bought a potion of might for 64 gold pieces
 29551 | Shoals:2 | Bought a potion of brilliance for 64 gold pieces
 29551 | Shoals:2 | Bought a potion of invisibility for 128 gold pieces
 29765 | Shoals:3 | Found a stormy altar of Qazlal.
 30107 | Shoals:3 | Reached skill level 10 in Necromancy
 30512 | Shoals:4 | Entered Level 4 of the Shoals
 30522 | Shoals:4 | Reached XP level 18. HP: 57/134 MP: 21/38
 31108 | Shoals:4 | Got a barnacled rune of Zot
 31631 | Shoals:4 | Got an ancient copper amulet
 32009 | Shoals:4 | Identified the amulet "Ozaij" {Reflect Str+3 SH+6 Stlth+}
                  | (You found it on level 4 of the Shoals)
 32022 | Shoals:4 | Lost mutation: Scrolls take you a little longer to read.
                  | [potion of mutation]
 32022 | Shoals:4 | Gained mutation: You have sharp toenails. [potion of
                  | mutation]
 32022 | Shoals:4 | Gained mutation: You expend magic power (3 MP) to
                  | strengthen your wands. [potion of mutation]
 32022 | Shoals:4 | Gained mutation: Scrolls take you a little longer to read.
                  | [potion of mutation]
 32022 | Shoals:4 | Gained mutation: You are partially covered in icy blue
                  | scales. (AC +2) [potion of mutation]
 32295 | Spider:1 | Entered Level 1 of the Spider Nest
 33287 | Spider:2 | Noticed Azrael
 33302 | Spider:2 | Killed Azrael
 33569 | Spider:2 | Reached XP level 19. HP: 137/145 MP: 29/39
 33638 | Spider:2 | Noticed Roxanne
 33682 | Spider:2 | Killed Roxanne
 33705 | Spider:2 | Learned a level 5 spell: Bolt of Magma
 33714 | Spider:2 | Learned a level 8 spell: Necromutation
 35168 | Spider:4 | Entered Level 4 of the Spider Nest
 35908 | Spider:4 | Reached skill level 15 in Earth Magic
 36196 | Spider:4 | Reached XP level 20. HP: 126/161 MP: 28/40
 36278 | Spider:4 | Reached skill level 15 in Fighting
 36671 | Spider:4 | Got a gossamer rune of Zot
 37157 | Vaults:1 | Entered Level 1 of the Vaults
 37615 | Vaults:1 | Found Opner's Food Boutique.
 38777 | Vaults:2 | Found a runed translucent gate.
 38777 | Vaults:2 | Found a runed translucent gate.
 38777 | Vaults:2 | Noticed tamionv's ghost (adept GrFi)
 38778 | Vaults:2 | Found a runed translucent gate.
 38779 | Vaults:2 | Identified the +6 bardiche of Vemuc {chop, rElec}
 38781 | Vaults:2 | Found a roughly hewn altar of Beogh.
 38861 | Vaults:2 | Got a twisted falchion
 38898 | Vaults:2 | Noticed Frederick
 38899 | Vaults:2 | Noticed Sojobo
 38913 | Vaults:2 | Killed Frederick
 38913 | Vaults:2 | Reached skill level 15 in Necromancy
 38913 | Vaults:2 | Reached XP level 21. HP: 47/174 MP: 10/41
 39016 | Vaults:2 | Killed Sojobo
 39669 | Vaults:2 | Found the amulet of the Air {Inacc +Fly rElec EV+5 RMsl}
 39786 | Vaults:2 | Killed tamionv's ghost
 39982 | Vaults:2 | Identified the +10 falchion of Pefas {chaos, +Blink rC-
                  | Str-5 Stlth+} (You found it on level 2 of the Vaults)
 40109 | Vaults:3 | Found Recits's Magic Scroll Boutique.
 40116 | Vaults:3 | Bought a scroll of immolation for 59 gold pieces
 40116 | Vaults:3 | Bought a scroll of identify for 34 gold pieces
 40116 | Vaults:3 | Bought a scroll of fog for 34 gold pieces
 40116 | Vaults:3 | Bought a scroll of identify for 34 gold pieces
 40225 | Vaults:3 | Found the +10 large shield of Ignorance {rN+ Int-4}
 40441 | Vaults:3 | Found a staircase to the Crypt.
 41350 | Vaults:4 | Reached skill level 1 in Transmutations
 41448 | Vaults:4 | Reached XP level 22. HP: 184/184 MP: 38/42
 42111 | Vaults:4 | Reached skill level 5 in Transmutations
 42468 | Vaults:5 | Entered Level 5 of the Vaults
 42468 | Vaults:5 | Noticed a golden dragon
 42489 | Vaults:4 | Learned a level 9 spell: Shatter
 42710 | Elf:1    | Entered Level 1 of the Elven Halls
 43424 | Elf:1    | Found a runed translucent door.
 43424 | Elf:1    | Found a shimmering altar of Xom.
 43424 | Elf:1    | Noticed jaiteiro's ghost (journeyman MiFi)
 43511 | Elf:1    | Found Cijaniv's Gadget Shop.
 44321 | Elf:1    | Killed jaiteiro's ghost
 44939 | Elf:2    | Found a runed translucent gate.
 44945 | Elf:2    | Found a runed translucent gate.
 44948 | Elf:2    | Found a runed translucent gate.
 45285 | Elf:2    | Reached XP level 23. HP: 183/190 MP: 34/44
 45608 | Elf:3    | Entered Level 3 of the Elven Halls
 45682 | Elf:3    | Noticed Mara
 45721 | Elf:3    | Killed Mara
 45721 | Elf:3    | Reached skill level 10 in Transmutations
 46104 | Elf:3    | Found Esynledi's Food Shop.
 46660 | Elf:3    | Found the +9 staff of Olgreb {rPois}
 46692 | Elf:3    | Got a twitching wooden ring
 46698 | Elf:3    | Got a glittering marble ring
 46742 | Elf:3    | Got a transparent hunting sling
 46747 | Elf:3    | Got a warped hunting sling
 46749 | Elf:3    | Identified the +2 hunting sling "Huffacs" {flame, Stlth+}
                  | (You found it on level 3 of the Elven Halls)
 46751 | Elf:3    | Identified the cursed +1 hunting sling of Ohitir {velocity,
                  | *Drain Fragile rC++ Int+8} (You found it on level 3 of the
                  | Elven Halls)
 46757 | Elf:3    | Identified the +6 hand axe of Acuonkorgh {chop, -Tele
                  | *Noise rPois MR+++}
 46775 | Elf:3    | Identified the ring of Tuozatt {rElec rPois rC+ MR+++
                  | Str-2} (You found it on level 3 of the Elven Halls)
 46781 | Elf:3    | Identified the ring "Foapt" {MR+ Stlth-} (You found it on
                  | level 3 of the Elven Halls)
 46801 | Elf:3    | Got a pair of faintly glowing boots
 46876 | Elf:3    | Identified the +1 pair of boots of Servitude {-Cast rCorr
                  | Int+4 Stlth+} (You found it on level 3 of the Elven Halls)
 46943 | Elf:3    | Lost mutation: Scrolls take you a little longer to read.
                  | [potion of mutation]
 46943 | Elf:3    | Lost mutation: You expend magic power (3 MP) to strengthen
                  | your wands. [potion of mutation]
 46943 | Elf:3    | Gained mutation: Your spells are a little easier to cast,
                  | but a little less powerful. [potion of mutation]
 46943 | Elf:3    | Gained mutation: You are robust. (+10% HP) [potion of
                  | mutation]
 47175 | Orc:1    | Bought a scroll of enchant armour for 105 gold pieces
 47175 | Orc:1    | Bought a scroll of torment for 105 gold pieces
 47175 | Orc:1    | Bought a scroll of amnesia for 49 gold pieces
 47175 | Orc:1    | Bought a scroll of identify for 28 gold pieces
 47175 | Orc:1    | Bought a scroll of amnesia for 49 gold pieces
 47175 | Orc:1    | Bought a scroll of holy word for 105 gold pieces
 47175 | Orc:1    | Bought a scroll of amnesia for 49 gold pieces
 47290 | Orc:2    | Bought a wand of scattershot (7) for 396 gold pieces
 47290 | Orc:2    | Bought a wand of acid (9) for 312 gold pieces
 47290 | Orc:2    | Bought a wand of scattershot (5) for 324 gold pieces
 47290 | Orc:2    | Bought a wand of acid (3) for 168 gold pieces
 47453 | D:8      | Bought a potion of magic for 104 gold pieces
 47453 | D:8      | Bought a potion of heal wounds for 65 gold pieces
 47453 | D:8      | Bought 2 potions of resistance for 260 gold pieces
 47453 | D:8      | Bought a potion of curing for 39 gold pieces
 47453 | D:8      | Bought 2 potions of ambrosia for 208 gold pieces
 47453 | D:8      | Bought a potion of ambrosia for 104 gold pieces
 47453 | D:8      | Bought a potion of magic for 104 gold pieces
 47693 | Crypt:1  | Entered Level 1 of the Crypt
 47768 | Crypt:1  | Noticed Bai Suzhen
 47771 | Crypt:1  | Noticed Saint Roka
 47783 | Crypt:1  | Noticed Xtahua
 47810 | Crypt:1  | Killed Xtahua
 47823 | Crypt:1  | Killed Bai Suzhen
 47896 | Crypt:1  | Killed Saint Roka
 48235 | Crypt:1  | Reached XP level 24. HP: 209/215 MP: 32/44
 48412 | Crypt:1  | Noticed Aizul
 48421 | Crypt:1  | Killed Aizul
 48889 | Crypt:2  | Noticed an ancient lich
 48902 | Crypt:2  | Killed an ancient lich
 49695 | Crypt:2  | Found a runed translucent gate.
 49695 | Crypt:2  | Found a runed translucent gate.
 49695 | Crypt:2  | Found a runed translucent gate.
 49695 | Crypt:2  | Found an ancient bone altar of Kikubaaqudgha.
 49695 | Crypt:2  | Noticed Ulecsuczon's ghost (veteran MiGl)
 49695 | Crypt:2  | Noticed an ancient lich
 49695 | Crypt:2  | Noticed an ancient lich
 49812 | Crypt:2  | Noticed Jetyrhek's ghost (veteran GrEE)
 50129 | Crypt:2  | Killed an ancient lich
 50129 | Crypt:2  | Reached skill level 15 in Transmutations
 50131 | Crypt:2  | Killed an ancient lich
 50140 | Crypt:2  | Killed Ulecsuczon's ghost
 50179 | Crypt:2  | Killed Jetyrhek's ghost
 50225 | Crypt:2  | Got a wavering iron amulet
 50230 | Crypt:2  | Identified Kikubaaqudgha's Handbook of Dark Secrets
 50233 | Crypt:2  | Identified the Catalogue of the Boiling Point
 50240 | Crypt:2  | Got a pair of dazzling boots
 50280 | Crypt:2  | Identified the +2 pair of boots "Pikhleus" {Str+2 Stlth+}
                  | (You found it on level 2 of the Crypt)
 50282 | Crypt:2  | Identified the amulet of Bud Okuu {Gourm rF+ rC- Str+2
                  | Dex+7} (You found it on level 2 of the Crypt)
 50292 | Crypt:3  | Entered Level 3 of the Crypt
 50537 | Crypt:3  | Reached skill level 1 in Evocations
 50689 | Crypt:3  | Reached XP level 25. HP: 192/223 MP: 39/44
 50776 | Crypt:3  | Found an ancient bone altar of Kikubaaqudgha.
 50776 | Crypt:3  | Found a basalt altar of Yredelemnul.
 50776 | Crypt:3  | Noticed a curse toe
 50776 | Crypt:3  | Noticed a curse toe
 50784 | Crypt:3  | Killed a curse toe
 50785 | Crypt:3  | Killed a curse toe
 50805 | Crypt:3  | Identified the Disquisition on Sinister Magic
 50879 | Crypt:3  | Reached skill level 5 in Evocations
 51366 | Crypt:3  | Found a staircase to the Tomb.
 51693 | Tomb:1   | Entered Level 1 of the Tomb of the Ancients
 52407 | Tomb:1   | Noticed a greater mummy
 52414 | Tomb:1   | Killed a greater mummy
 52489 | Tomb:1   | Noticed a greater mummy
 52493 | Tomb:1   | Reached skill level 10 in Evocations
 52504 | Tomb:1   | Killed a greater mummy
 52564 | Tomb:1   | Reached XP level 26. HP: 223/231 MP: 33/44
 52695 | Tomb:1   | Noticed a greater mummy
 52695 | Tomb:1   | Noticed a greater mummy
 52695 | Tomb:1   | Noticed a greater mummy
 52706 | Tomb:1   | Killed a greater mummy
 52707 | Tomb:1   | Killed a greater mummy
 52708 | Tomb:1   | Killed a greater mummy
 52986 | Tomb:1   | Noticed a greater mummy
 52994 | Tomb:1   | Killed a greater mummy
 53042 | Tomb:1   | Noticed a greater mummy
 53043 | Tomb:1   | Noticed a greater mummy
 53055 | Tomb:1   | Killed a greater mummy
 53061 | Tomb:1   | Killed a greater mummy
 53139 | Tomb:1   | Noticed a greater mummy
 53158 | Tomb:1   | Killed a greater mummy
 53159 | Tomb:1   | Noticed a greater mummy
 53168 | Tomb:1   | Killed a greater mummy
 53233 | Tomb:1   | Noticed a greater mummy
 53233 | Tomb:1   | Noticed a greater mummy
 53247 | Tomb:1   | Killed a greater mummy
 53250 | Tomb:1   | Killed a greater mummy
 53302 | Tomb:1   | Noticed a greater mummy
 53312 | Tomb:1   | Killed a greater mummy
 53312 | Tomb:1   | Lost dexterity.
 53314 | Tomb:1   | Noticed a greater mummy
 53328 | Tomb:1   | Killed a greater mummy
 53459 | Tomb:1   | Noticed a greater mummy
 53467 | Tomb:1   | Killed a greater mummy
 53523 | Tomb:1   | Noticed a greater mummy
 53524 | Tomb:1   | Noticed a greater mummy
 53524 | Tomb:1   | Noticed a greater mummy
 53525 | Tomb:1   | Noticed a greater mummy
 53530 | Tomb:1   | Noticed a greater mummy
 53536 | Tomb:1   | Killed a greater mummy
 53541 | Tomb:1   | Killed a greater mummy
 53545 | Tomb:1   | Killed a greater mummy
 53549 | Tomb:1   | Killed a greater mummy
 53563 | Tomb:1   | Killed a greater mummy
 53703 | Tomb:1   | Noticed a greater mummy
 53719 | Tomb:1   | Killed a greater mummy
 53839 | Tomb:1   | Noticed a greater mummy
 53841 | Tomb:1   | Noticed a greater mummy
 53846 | Tomb:1   | Noticed a greater mummy
 53853 | Tomb:1   | Killed a greater mummy
 53854 | Tomb:1   | Killed a greater mummy
 53854 | Tomb:1   | Reached XP level 27. HP: 103/238 MP: 13/44
 53858 | Tomb:1   | Killed a greater mummy
 54511 | Vaults:5 | Identified the +6 scythe "Horchit" {speed, rF+ rC+}
 55239 | Vaults:5 | Identified the +10 hand axe of Kismet {chop, rElec rPois
                  | Dex-4 SInv}
 55239 | Vaults:5 | Identified the amulet of Buecaish {RegenMP rC+ MP+9}
 55757 | Vaults:5 | Identified the amulet "Ladoel" {Faith rPois Int+6}
 55761 | Vaults:5 | Identified the +4 war axe of Qeshrunel {venom, rC+ Str+4
                  | Int+4 Stlth+}
 55761 | Vaults:5 | Identified the ring "Nikamp" {Ice +Inv}
 56051 | Vaults:5 | Got a pair of faintly humming boots
 56056 | Vaults:5 | Got a silver rune of Zot
 56059 | Vaults:5 | Identified Dieromm's Tome of the Earthen Volcanoes
 56423 | Vaults:5 | Identified Roxanne's Tome of Earth and Transformation
 56431 | Vaults:5 | Got a scorched cloak
 56643 | Vaults:5 | Identified the +0 cloak of Happiness {rPois SInv} (You
                  | found it on level 5 of the Vaults)
 56664 | Vaults:5 | Identified the +0 pair of boots "Fohaarha" {Int+2} (You
                  | found it on level 5 of the Vaults)
 57053 | Shoals:2 | Bought a book of Summonings for 1050 gold pieces
 57510 | Tomb:1   | Learned a level 5 spell: Aura of Abjuration
 57516 | Tomb:2   | Noticed a greater mummy
 57516 | Tomb:2   | Noticed a greater mummy
 57525 | Tomb:2   | Noticed a greater mummy
 57536 | Tomb:2   | Killed a greater mummy
 57536 | Tomb:2   | Reached skill level 5 in Summonings
 57536 | Tomb:2   | Noticed a greater mummy
 57537 | Tomb:2   | Killed a greater mummy
 57542 | Tomb:2   | Killed a greater mummy
 57665 | Tomb:2   | Killed a greater mummy
 58289 | Tomb:3   | Entered Level 3 of the Tomb of the Ancients
 58331 | Tomb:3   | Reached skill level 10 in Summonings
 58334 | Tomb:3   | Noticed a greater mummy
 58334 | Tomb:3   | Noticed a greater mummy
 58337 | Tomb:3   | Noticed a greater mummy
 58351 | Tomb:3   | Noticed a greater mummy
 58354 | Tomb:3   | Killed a greater mummy
 58354 | Tomb:3   | Noticed a greater mummy
 58362 | Tomb:3   | Killed a greater mummy
 58380 | Tomb:3   | Killed a greater mummy
 58404 | Tomb:3   | Killed a greater mummy
 58418 | Tomb:3   | Killed a greater mummy
 58549 | Tomb:3   | Noticed a greater mummy
 58556 | Tomb:3   | Noticed a greater mummy
 58563 | Tomb:3   | Killed a greater mummy
 58569 | Tomb:3   | Killed a greater mummy
 58759 | Tomb:3   | Identified the Collected Works on the Helpful Blaze
 58785 | Tomb:3   | Got a brightly glowing granite ring
 58895 | Tomb:3   | Noticed a greater mummy
 58902 | Tomb:3   | Noticed a greater mummy
 58915 | Tomb:3   | Killed a greater mummy
 58928 | Tomb:3   | Killed a greater mummy
 59184 | Tomb:3   | Identified A Thorough Guide to Witchery
 59192 | Tomb:3   | Got a twitching ivory ring
 59200 | Tomb:3   | Identified the Almanac of the Rocks and the Snowflakes
 59209 | Tomb:3   | Identified the Papyrus of Salt
 59211 | Tomb:3   | Identified Sif Muna's Papyrus of Creation and Orientation
 59292 | Tomb:3   | Got a golden rune of Zot
 59420 | Tomb:3   | Got a twisted cloak
 59467 | Tomb:3   | Identified the +2 cloak of Twilight {rPois rF++ Regen+
                  | Str+4 Slay-6} (You found it on level 3 of the Tomb of the
                  | Ancients)
 59502 | Tomb:3   | Identified the ring "Peheil" {rElec rN+} (You found it on
                  | level 3 of the Tomb of the Ancients)
 59507 | Tomb:3   | Identified the ring "Piffaim" {+Inv rN+ MP+9 Int+5} (You
                  | found it on level 3 of the Tomb of the Ancients)
 59530 | Tomb:3   | Got a steaming cloak
 59530 | Tomb:3   | Got a translucent shield
 59536 | Tomb:3   | Got a pair of ancient gloves
 59536 | Tomb:3   | Got a pair of pitted gloves
 59547 | Tomb:3   | Identified the +0 cloak of Kyatixt {Str+3} (You acquired it
                  | on level 3 of the Tomb of the Ancients)
 59563 | Tomb:3   | Identified the +2 shield of Tunymaywn {rC+} (You acquired
                  | it on level 3 of the Tomb of the Ancients)
 59589 | Tomb:3   | Identified the +1 pair of gloves of Ukedokall {Int+7 Dex-5
                  | SInv} (You acquired it on level 3 of the Tomb of the
                  | Ancients)
 59589 | Tomb:3   | Lost dexterity.
 59607 | Tomb:3   | Identified the +1 pair of gloves of the Worm {*Corrode rN+
                  | Regen+} (You acquired it on level 3 of the Tomb of the
                  | Ancients)
 59618 | Tomb:3   | Learned a level 6 spell: Darkness
 59631 | Zig:1    | Entered Level 1 of a ziggurat
 59670 | Zig:2    | Entered Level 2 of a ziggurat
 59683 | Zig:2    | Reached skill level 1 in Hexes
 59710 | Zig:3    | Entered Level 3 of a ziggurat
 59746 | Zig:3    | Got a scorched longbow
 59772 | Zig:3    | Identified the +3 longbow "Giantslayer" {venom, rC+} (You
                  | found it on level 3 of a ziggurat)
 59783 | Zig:4    | Entered Level 4 of a ziggurat
 59823 | Zig:5    | Entered Level 5 of a ziggurat
 59864 | Zig:5    | Identified Spellcraft 101
 59891 | Zig:6    | Entered Level 6 of a ziggurat
 59905 | Zig:6    | Reached skill level 15 in Evocations
 59921 | Zig:6    | Identified the Almanac of Unstable Bewitchment
 59961 | Zig:7    | Entered Level 7 of a ziggurat
 60013 | Zig:7    | Got a scorched golden ring
 60015 | Zig:7    | Got an ancient silver ring
 60030 | Zig:8    | Entered Level 8 of a ziggurat
 60036 | Zig:8    | Reached skill level 5 in Hexes
 60041 | Zig:8    | Reached skill level 27 in Earth Magic
 60114 | Zig:9    | Entered Level 9 of a ziggurat
 60124 | Zig:9    | Found the +5 scythe "Finisher" {speed, eviscerate}
 60214 | Zig:10   | Entered Level 10 of a ziggurat
 60226 | Zig:10   | Noticed Imavim the pandemonium lord
 60235 | Zig:10   | Killed Imavim the pandemonium lord
 60235 | Zig:10   | Reached skill level 10 in Hexes
 60237 | Zig:10   | Found the brooch of Shielding {Reflect SH+8}
 60331 | Zig:10   | Identified the Papyrus of Gravity
 60366 | Zig:10   | Identified the ring of Tifownus {+Fly rC+ Dex+7 SInv
                  | Stlth-} (You found it on level 7 of a ziggurat)
 60367 | Zig:10   | Identified the ring "Kagercho" {rPois rF+ Str-5 Int+3
                  | Dex+3} (You found it on level 7 of a ziggurat)
 60383 | Zig:11   | Entered Level 11 of a ziggurat
 60419 | Zig:11   | Learned a level 3 spell: Ozocubu's Armour
 60428 | Zig:11   | Learned a level 8 spell: Chain Lightning
 60529 | Zig:11   | Reached skill level 5 in Charms
 60530 | Zig:11   | Reached skill level 5 in Ice Magic
 60541 | Zig:12   | Entered Level 12 of a ziggurat
 60626 | Zig:12   | Got a scorched crystal amulet
 60658 | Zig:13   | Entered Level 13 of a ziggurat
 60692 | Zig:13   | Found the +8 arc blade {discharge, rElec}
 60692 | Zig:13   | Found the +5 robe of Misfortune {*Contam Harm *Corrode
                  | *Drain *Slow EV+5}
 60775 | Zig:14   | Entered Level 14 of a ziggurat
 60789 | Zig:14   | Noticed Sieryul the pandemonium lord
 60800 | Zig:14   | Killed Sieryul the pandemonium lord
 60812 | Zig:14   | Found the macabre finger necklace {rN+}
 60876 | Zig:14   | Identified the amulet "Goedgh" {Acrobat rF+} (You found it
                  | on level 12 of a ziggurat)
 60883 | Zig:14   | Got fine ice dragon scales
 60894 | Zig:14   | Identified the +1 ice dragon scales of Polytheism {rF- rC++
                  | rN+ Regen+ Str+2 Dex-3} (You found it on level 14 of a
                  | ziggurat)
 60921 | Zig:15   | Entered Level 15 of a ziggurat
 60929 | Zig:15   | Reached skill level 10 in Air Magic
 61036 | Zig:15   | Got a smoking copper ring
 61079 | Zig:16   | Entered Level 16 of a ziggurat
 61120 | Zig:16   | Found the ring of Shadows {Umbra +Inv Stlth+}
 61156 | Zig:16   | Got a crude wooden ring
 61192 | Zig:16   | Identified the ring "Qieq" {+Inv +Fly rN+} (You found it on
                  | level 15 of a ziggurat)
 61194 | Zig:16   | Identified the cursed ring of the Barnacle {rElec EV-3
                  | Dex+6 Stlth+} (You found it on level 16 of a ziggurat)
 61259 | Zig:17   | Entered Level 17 of a ziggurat
 61353 | Zig:17   | Got a wavering silver ring
 61354 | Zig:17   | Identified the Volume of Captivating Ice
 61366 | Zig:17   | Identified the ring of Vihaseg {rF+ Str+4} (You found it on
                  | level 17 of a ziggurat)
 61379 | Zig:17   | Got a glittering wooden ring
 61380 | Zig:17   | Identified the ring of Puitsair {*Tele Str+4} (You found it
                  | on level 17 of a ziggurat)
 61425 | Zig:17   | Identified the Collected Works on Black Arts
 61481 | Zig:18   | Entered Level 18 of a ziggurat
 61495 | Zig:18   | Reached skill level 1 in Throwing
 61498 | Zig:18   | Reached skill level 5 in Throwing
 61506 | Zig:18   | Reached skill level 10 in Throwing
 61647 | Zig:18   | Got a faintly glowing turquoise ring
 61664 | Zig:19   | Entered Level 19 of a ziggurat
 61769 | Zig:19   | Identified the ring of Divine Intervention {Str+5 Dex+3}
                  | (You found it on level 18 of a ziggurat)
 61807 | Zig:19   | Reached skill level 15 in Air Magic
 61811 | Zig:19   | Got a slimy crystal plate armour
 61823 | Zig:19   | Identified the +0 crystal plate armour of the Echidna
                  | {rN+++ MR+ Int+8 Dex-4} (You acquired it on level 19 of a
                  | ziggurat)
 61838 | Zig:19   | Got a translucent cloak
 61849 | Zig:19   | Identified the +2 cloak of Fedhas's Approval {Dex+2} (You
                  | found it on level 19 of a ziggurat)
 61877 | Zig:20   | Entered Level 20 of a ziggurat
 61929 | Zig:20   | Found the ring of Phasing {EV+8}
 61929 | Zig:20   | Found the ring of the Octopus King
 62013 | Zig:20   | Identified the Disquisition on Cold
 62016 | Zig:20   | Got a ring of the Octopus King
 62022 | Zig:20   | Identified the Almanac of the Captivating Mountains
 62027 | Zig:20   | Identified Sif Muna's Grimoire of the Icy Mountains
 62085 | Zig:21   | Entered Level 21 of a ziggurat
 62094 | Zig:21   | Noticed a greater mummy
 62102 | Zig:21   | Noticed a greater mummy
 62113 | Zig:21   | Killed a greater mummy
 62115 | Zig:21   | Noticed a greater mummy
 62117 | Zig:21   | Noticed a greater mummy
 62118 | Zig:21   | Killed a greater mummy
 62125 | Zig:21   | Noticed a greater mummy
 62128 | Zig:21   | Killed a greater mummy
 62128 | Zig:21   | Noticed a greater mummy
 62133 | Zig:21   | Killed a greater mummy
 62140 | Zig:21   | Noticed an ancient lich
 62142 | Zig:21   | Killed a greater mummy
 62152 | Zig:21   | Killed a greater mummy
 62155 | Zig:21   | Killed an ancient lich
 62168 | Zig:21   | Noticed a greater mummy
 62169 | Zig:21   | Noticed a greater mummy
 62191 | Zig:21   | Killed a greater mummy
 62194 | Zig:21   | Killed a greater mummy
 62325 | Zig:21   | Got a glittering turquoise ring
 62327 | Zig:21   | Identified the Almanac of Evolution
 62335 | Zig:21   | Identified the Guide on Dark Poison
 62361 | Zig:22   | Entered Level 22 of a ziggurat
 62379 | Zig:22   | Noticed an ancient lich
 62383 | Zig:22   | Noticed an ancient lich
 62386 | Zig:22   | Killed an ancient lich
 62396 | Zig:22   | Killed an ancient lich
 62465 | Zig:22   | Found the +8 lance "Wyrmbane" {slay drac, rPois rF+ rC+
                  | AC+3}
 62511 | Zig:22   | Found the amulet of the Four Winds {rN+ MR+++ Clar}
 62525 | Zig:22   | Identified a ring of the Octopus King {MP+9 AC+1 EV+1 Str+1
                  | Int+1 Dex+1} (You found it on level 20 of a ziggurat)
 62527 | Zig:22   | Identified the ring "Peoleacs" {Int+5 Dex+3} (You found it
                  | on level 21 of a ziggurat)
 62541 | Zig:22   | Identified the Volume of Lucky Poison
 62582 | Zig:23   | Entered Level 23 of a ziggurat
 62604 | Zig:23   | Noticed an ancient lich
 62606 | Zig:23   | Noticed an ancient lich
 62619 | Zig:23   | Killed an ancient lich
 62632 | Zig:23   | Killed an ancient lich
 62791 | Zig:23   | Got a steaming lapis lazuli ring
 62806 | Zig:23   | Got a shimmering steel ring
 62807 | Zig:23   | Identified the Volume of the Voyage and Talismans
 62820 | Zig:23   | Identified the Incunabulum of Protection
 62835 | Zig:23   | Learned a level 9 spell: Tornado
 62860 | Zig:24   | Entered Level 24 of a ziggurat
 63047 | Zig:24   | Identified Baatisch's Reference Book on the Twisted
                  | Snowflakes
 63070 | Zig:24   | Identified the Handbook of Beguiling
 63120 | Zig:24   | Identified the ring "Xewyweg" {rN+ Str+2} (You found it on
                  | level 23 of a ziggurat)
 63122 | Zig:24   | Identified the ring "Lunu" {Ice Int+4} (You found it on
                  | level 23 of a ziggurat)
 63125 | Zig:24   | Got a warped cloak
 63136 | Zig:24   | Identified the cursed +0 cloak "Meroshef" {+Inv Dex+7} (You
                  | found it on level 24 of a ziggurat)
 63152 | Zig:24   | Got a pair of pitted gloves
 63164 | Zig:24   | Identified the -3 pair of gloves of the Tarantula {Str+8}
                  | (You acquired it on level 24 of a ziggurat)
 63204 | Zig:25   | Entered Level 25 of a ziggurat
 63374 | Zig:25   | Found the +10 zealot's sword {holy, *Rage rN+ EV+3}
 63382 | Zig:25   | Got a clouded pewter ring
 63386 | Zig:25   | Identified the Volume of Curses and Toxins
 63392 | Zig:25   | Identified Mepeed's Disquisition on Hexes
 63395 | Zig:25   | Got an ancient bone amulet
 63406 | Zig:25   | Identified the ring of the Doge {rF+ MP+9} (You found it on
                  | level 25 of a ziggurat)
 63408 | Zig:25   | Identified the amulet of Peyqiaqe {Reflect +Fly rC- Int+2
                  | Dex+3 SH+2} (You found it on level 25 of a ziggurat)
 63420 | Zig:26   | Entered Level 26 of a ziggurat
 63504 | Zig:26   | Found the +8 demon blade "Bloodbane" {slice, *Rage +Rage
                  | Stlth-}
 63590 | Zig:26   | Identified the Reference Book on Clay and Dislocation
 63599 | Zig:26   | Got a wavering ivory ring
 63626 | Zig:26   | Identified the Reference Book on Creation
 63649 | Zig:27   | Entered Level 27 of a ziggurat
 63849 | Zig:27   | Got a fine golden ring
 63852 | Zig:27   | Identified the ring of Maufiagytz {+Fly rN+ MR++} (You
                  | found it on level 26 of a ziggurat)
 63858 | Zig:27   | Identified the ring "Heucaa" {Str+4 SInv} (You found it on
                  | level 27 of a ziggurat)
 63870 | Zig:27   | Identified Sif Muna's Papyrus of Mutagenic Flight
 63887 | Tomb:3   | Lost mutation: Your spells are a little easier to cast, but
                  | a little less powerful. [potion of mutation]
 63887 | Tomb:3   | Lost mutation: You are partially covered in icy blue
                  | scales. (AC +2) [potion of mutation]
 63887 | Tomb:3   | Gained mutation: Armour fits poorly on your strangely
                  | shaped body. [potion of mutation]
 63887 | Tomb:3   | Gained mutation: You are resistant to hostile enchantments.
                  | (MR+) [potion of mutation]
 63888 | Tomb:3   | Lost mutation: You are robust. (+10% HP) [potion of
                  | mutation]
 63888 | Tomb:3   | Lost mutation: You have sharp toenails. [potion of
                  | mutation]
 63888 | Tomb:3   | Gained mutation: You are partially covered in yellow
                  | scales. (AC +2) [potion of mutation]
 63888 | Tomb:3   | Gained mutation: You are somewhat resistant to further
                  | mutation. [potion of mutation]
 63889 | Tomb:3   | Lost mutation: You are resistant to hostile enchantments.
                  | (MR+) [potion of mutation]
 63889 | Tomb:3   | Lost mutation: You are partially covered in yellow scales.
                  | (AC +2) [potion of mutation]
 63890 | Tomb:3   | Lost mutation: Armour fits poorly on your strangely shaped
                  | body. [potion of mutation]
 63890 | Tomb:3   | Lost mutation: You are somewhat resistant to further
                  | mutation. [potion of mutation]
 63890 | Tomb:3   | Gained mutation: You have sharp toenails. [potion of
                  | mutation]
 63890 | Tomb:3   | Gained mutation: Your system is resistant to poisons.
                  | (rPois) [potion of mutation]
 63890 | Tomb:3   | Gained mutation: You expend magic power (3 MP) to
                  | strengthen your wands. [potion of mutation]
 63891 | Tomb:3   | Lost mutation: You expend magic power (3 MP) to strengthen
                  | your wands. [potion of mutation]
 63891 | Tomb:3   | Lost mutation: Your system is resistant to poisons. (rPois)
                  | [potion of mutation]
 63891 | Tomb:3   | Lost mutation: You have sharp toenails. [potion of
                  | mutation]
 63891 | Tomb:3   | Gained mutation: Your muscles are strong. (Str +2) [potion
                  | of mutation]
 63891 | Tomb:3   | Gained mutation: You are partially covered in large bone
                  | plates. (SH +4) [potion of mutation]
 63892 | Tomb:3   | Lost mutation: Your muscles are strong. (Str +2) [potion of
                  | mutation]
 63892 | Tomb:3   | Lost mutation: You are partially covered in large bone
                  | plates. (SH +4) [potion of mutation]
 63892 | Tomb:3   | Gained mutation: Your magical capacity is low. (-10% MP)
                  | [potion of mutation]
 63892 | Tomb:3   | Gained mutation: You are frail. (-10% HP) [potion of
                  | mutation]
 63892 | Tomb:3   | Gained mutation: You are resistant to electric shocks.
                  | (rElec) [potion of mutation]
 63893 | Tomb:3   | Lost mutation: You are frail. (-10% HP) [potion of
                  | mutation]
 63893 | Tomb:3   | Lost mutation: Your magical capacity is low. (-10% MP)
                  | [potion of mutation]
 63893 | Tomb:3   | Gained mutation: Potions are less effective at restoring
                  | your health. [potion of mutation]
 63893 | Tomb:3   | Gained mutation: You are dopey. (Int -2) [potion of
                  | mutation]
 63893 | Tomb:3   | Gained mutation: You are partially covered in slimy green
                  | scales. (AC +2) [potion of mutation]
 63893 | Tomb:3   | Gained mutation: Your spells are a little harder to cast,
                  | but a little more powerful. [potion of mutation]
 63894 | Tomb:3   | Lost mutation: You are partially covered in slimy green
                  | scales. (AC +2) [potion of mutation]
 63894 | Tomb:3   | Lost mutation: You are dopey. (Int -2) [potion of mutation]
 63895 | Tomb:3   | Lost mutation: Potions are less effective at restoring your
                  | health. [potion of mutation]
 63895 | Tomb:3   | Lost mutation: Your spells are a little harder to cast, but
                  | a little more powerful. [potion of mutation]
 63895 | Tomb:3   | Gained mutation: You are agile. (Dex +2) [potion of
                  | mutation]
 63895 | Tomb:3   | Gained mutation: You are surrounded by a mild repulsion
                  | field. (EV +2) [potion of mutation]
 63899 | Zig:1    | Entered Level 1 of a ziggurat
 63951 | Zig:2    | Entered Level 2 of a ziggurat
 63996 | Zig:2    | Got a twitching lapis lazuli ring
 64010 | Zig:3    | Entered Level 3 of a ziggurat
 64065 | Zig:4    | Entered Level 4 of a ziggurat
 64070 | Zig:4    | Reached skill level 15 in Throwing
 64120 | Zig:5    | Entered Level 5 of a ziggurat
 64187 | Zig:6    | Entered Level 6 of a ziggurat
 64276 | Zig:7    | Entered Level 7 of a ziggurat
 64316 | Zig:7    | Identified the Volume of Conjuration
 64344 | Zig:8    | Entered Level 8 of a ziggurat
 64353 | Zig:8    | Noticed an ancient lich
 64357 | Zig:8    | Killed an ancient lich
 64418 | Zig:9    | Entered Level 9 of a ziggurat
 64424 | Zig:9    | Noticed a Killer Klown
 64424 | Zig:9    | Noticed a Killer Klown
 64428 | Zig:9    | Noticed Fyononk the pandemonium lord
 64429 | Zig:9    | Noticed a Killer Klown
 64431 | Zig:9    | Noticed Vujecaupn the pandemonium lord
 64432 | Zig:9    | Noticed Peok the pandemonium lord
 64432 | Zig:9    | Noticed a Killer Klown
 64448 | Zig:9    | Killed a Killer Klown
 64448 | Zig:9    | Killed Fyononk the pandemonium lord
 64449 | Zig:9    | Killed a Killer Klown
 64450 | Zig:9    | Killed a Killer Klown
 64450 | Zig:9    | Killed a Killer Klown
 64451 | Zig:9    | Killed Vujecaupn the pandemonium lord
 64455 | Zig:9    | Killed Peok the pandemonium lord
 64505 | Zig:9    | Identified Jefannau's Almanac of Battle Magic and Summoning
 64508 | Zig:9    | Identified the Papyrus of Blistering Transmigration
 64538 | Zig:10   | Entered Level 10 of a ziggurat
 64607 | Zig:10   | Found the +0 mask of the Dragon {MR+ Slay+3 SInv}
 64631 | Zig:10   | Got a sparkling lead amulet
 64670 | Zig:11   | Entered Level 11 of a ziggurat
 64672 | Zig:11   | Identified the amulet "Idokkos" {Gourm rF+} (You found it
                  | on level 10 of a ziggurat)
 64674 | Zig:11   | Identified the ring of Xestresa {Ice rElec} (You found it
                  | on level 2 of a ziggurat)
 64678 | Zig:11   | Noticed an orb of fire
 64678 | Zig:11   | Noticed an orb of fire
 64686 | Zig:11   | Killed an orb of fire
 64687 | Zig:11   | Noticed an orb of fire
 64690 | Zig:11   | Noticed an orb of fire
 64690 | Zig:11   | Noticed an orb of fire
 64691 | Zig:11   | Killed an orb of fire
 64694 | Zig:11   | Killed an orb of fire
 64701 | Zig:11   | Killed an orb of fire
 64701 | Zig:11   | Killed an orb of fire
 64799 | Zig:12   | Entered Level 12 of a ziggurat
 64906 | Zig:12   | Got a scintillating lead amulet
 64929 | Zig:12   | Identified the amulet "Tumaniqa" {Gourm Int+3} (You found
                  | it on level 12 of a ziggurat)
 64938 | Zig:13   | Entered Level 13 of a ziggurat
 65023 | Zig:13   | Found the +12 Vampire's Tooth {vamp}
 65100 | Zig:14   | Entered Level 14 of a ziggurat
 65144 | Zig:14   | Found the +3 robe of Folly {Archmagi, MR-- Int+5}
 65226 | Zig:14   | Got a bound turquoise ring
 65234 | Zig:14   | Identified the ring of Syxuul {rF+ rN+ SInv} (You found it
                  | on level 14 of a ziggurat)
 65237 | Zig:14   | Got a scorched bone ring
 65251 | Zig:14   | Identified the ring "Jetseof" {rN+ EV+2} (You found it on
                  | level 14 of a ziggurat)
 65277 | Zig:15   | Entered Level 15 of a ziggurat
 65422 | Zig:15   | Identified the Guide on Helpful Attacks
 65497 | Zig:16   | Entered Level 16 of a ziggurat
 65512 | Zig:16   | Noticed an ancient lich
 65520 | Zig:16   | Killed an ancient lich
 65520 | Zig:16   | Reached skill level 27 in Air Magic
 65523 | Zig:16   | Reached skill level 5 in Stealth
 65525 | Zig:16   | Reached skill level 10 in Stealth
 65582 | Zig:16   | Identified Sif Muna's Papyrus of Quantum Poisoning
 65589 | Zig:16   | Got a smoking platinum amulet
 65598 | Zig:16   | Identified the Incunabulum of Spatial Weightlessness
 65601 | Zig:16   | Got a warped bone ring
 65681 | Zig:16   | Identified the amulet of Xaenisk {Spirit -Tele rN+ Str+2
                  | Stlth+} (You found it on level 16 of a ziggurat)
 65683 | Zig:16   | Identified the ring of Ujupn {rF+ rN+ Str+3 Dex-2} (You
                  | found it on level 16 of a ziggurat)
 65685 | Zig:16   | Identified the +7 triple sword of the Dove {drain, rN+
                  | Int+2 Dex+7} (You found it on level 16 of a ziggurat)
 65688 | Zig:17   | Entered Level 17 of a ziggurat
 65727 | Zig:17   | Reached skill level 15 in Stealth
 65884 | Zig:17   | Identified the Disquisition on Dark Protection
 65892 | Zig:17   | Got a scintillating amber ring
 65932 | Zig:18   | Entered Level 18 of a ziggurat
 65945 | Zig:18   | Noticed an ancient lich
 65950 | Zig:18   | Noticed an ancient lich
 65952 | Zig:18   | Killed an ancient lich
 65956 | Zig:18   | Noticed an ancient lich
 65958 | Zig:18   | Killed an ancient lich
 65973 | Zig:18   | Killed an ancient lich
 66013 | Zig:18   | Found the +2 robe of Vines {NoPotionHeal Regen+7}
 66030 | Zig:18   | Got a slimy golden ring
 66031 | Zig:18   | Identified the Grimoire of the Mountains and Dislocation
 66050 | Zig:18   | Identified the ring "Limicw" {rPois Stlth-} (You found it
                  | on level 17 of a ziggurat)
 66052 | Zig:18   | Identified the ring of Lannem {rElec rF+ rN+ MP+9} (You
                  | found it on level 18 of a ziggurat)
 66056 | Zig:18   | Got a crude bone amulet
 66137 | Zig:18   | Reached skill level 10 in Dodging
 66143 | Zig:18   | Identified the amulet of Lorogra {*Contam rN++ Regen+
                  | Dex+4} (You found it on level 18 of a ziggurat)
 66161 | Zig:19   | Entered Level 19 of a ziggurat
 66423 | Zig:19   | Reached skill level 10 in Conjurations
 66544 | Zig:19   | Identified the Almanac of the Rocks and the Blaze
 66558 | Zig:19   | Got a transparent lapis lazuli ring
 66625 | Zig:20   | Entered Level 20 of a ziggurat
 66649 | Zig:20   | Noticed a shard shrike
 66650 | Zig:20   | Noticed a shard shrike
 66650 | Zig:20   | Noticed a shard shrike
 66657 | Zig:20   | Killed a shard shrike
 66658 | Zig:20   | Killed a shard shrike
 66664 | Zig:20   | Killed a shard shrike
 66933 | Zig:21   | Entered Level 21 of a ziggurat
 66947 | Zig:21   | Noticed a shard shrike
 66967 | Zig:21   | Killed a shard shrike
 67141 | Zig:21   | Identified the Disquisition on Earthen Creation
 67152 | Zig:21   | Identified Sif Muna's Grimoire of Unstable Enhancements
 67163 | Zig:22   | Entered Level 22 of a ziggurat
 67217 | Zig:22   | Reached skill level 15 in Armour
 67369 | Zig:22   | Got a scorched silver ring
 67376 | Zig:22   | Got a sparkling brass ring
 67467 | Zig:23   | Entered Level 23 of a ziggurat
 67676 | Zig:23   | Found the +12 glaive of Prune {chop}
 67746 | Zig:23   | Identified the ring "Qemexkollo" {rF- MR+ EV+1 Str+4} (You
                  | found it on level 19 of a ziggurat)
 67748 | Zig:23   | Identified the ring "Neusky" {Str+4 Int+3 SInv} (You found
                  | it on level 22 of a ziggurat)
 67750 | Zig:23   | Identified the ring of Pamn {rC+ rN+ MR+ Dex-2 Stlth+} (You
                  | found it on level 22 of a ziggurat)
 67754 | Zig:24   | Entered Level 24 of a ziggurat
 67781 | Zig:24   | Reached skill level 15 in Conjurations
 67957 | Zig:24   | Identified Sif Muna's Guide on Cold and Venom
 67961 | Zig:24   | Identified the Guide on Battle Magic
 67972 | Zig:24   | Identified the Collected Works on Mutagenic Clay
 68016 | Zig:25   | Entered Level 25 of a ziggurat
 68083 | Zig:25   | Reached skill level 10 in Ice Magic
 68275 | Zig:25   | Found the +9 sword of Zonguldrok {reap}
 68275 | Zig:25   | Found the +2 pair of boots of the Assassin {Detection Stab+
                  | Stlth++}
 68280 | Zig:25   | Identified the Grimoire of Sinister Rites and Envenoming
 68320 | Zig:25   | Identified Gamutt's Guide on Cloudy Illusion
 68360 | Zig:26   | Entered Level 26 of a ziggurat
 68424 | Zig:26   | Reached skill level 15 in Ice Magic
 68644 | Zig:26   | Got a warped iron amulet
 68788 | Zig:26   | Identified the amulet of Jodd {Harm *Drain rN++ Str-5
                  | Dex+9} (You found it on level 26 of a ziggurat)
 68801 | Zig:26   | Learned a level 9 spell: Glaciate
 68814 | Zig:27   | Entered Level 27 of a ziggurat
 68834 | Zig:27   | Noticed a greater mummy
 68837 | Zig:27   | Noticed a greater mummy
 68838 | Zig:27   | Noticed a greater mummy
 68847 | Zig:27   | Noticed a greater mummy
 68849 | Zig:27   | Killed a greater mummy
 68854 | Zig:27   | Killed a greater mummy
 68856 | Zig:27   | Killed a greater mummy
 68858 | Zig:27   | Noticed a greater mummy
 68859 | Zig:27   | Noticed a greater mummy
 68862 | Zig:27   | Noticed a greater mummy
 68863 | Zig:27   | Noticed a greater mummy
 68863 | Zig:27   | Noticed a greater mummy
 68864 | Zig:27   | Killed a greater mummy
 68865 | Zig:27   | Noticed a greater mummy
 68865 | Zig:27   | Noticed a greater mummy
 68865 | Zig:27   | Noticed a greater mummy
 68870 | Zig:27   | Noticed a greater mummy
 68871 | Zig:27   | Killed a greater mummy
 68871 | Zig:27   | Noticed a greater mummy
 68872 | Zig:27   | Noticed a greater mummy
 68873 | Zig:27   | Noticed a greater mummy
 68873 | Zig:27   | Noticed a greater mummy
 68876 | Zig:27   | Killed a greater mummy
 68876 | Zig:27   | Killed a greater mummy
 68876 | Zig:27   | Killed a greater mummy
 68876 | Zig:27   | Noticed a greater mummy
 68877 | Zig:27   | Killed a greater mummy
 68878 | Zig:27   | Noticed a greater mummy
 68878 | Zig:27   | Noticed a greater mummy
 68879 | Zig:27   | Killed a greater mummy
 68879 | Zig:27   | Killed a greater mummy
 68879 | Zig:27   | Killed a greater mummy
 68879 | Zig:27   | Killed a greater mummy
 68879 | Zig:27   | Killed a greater mummy
 68879 | Zig:27   | Noticed a greater mummy
 68881 | Zig:27   | Noticed a greater mummy
 68882 | Zig:27   | Noticed a greater mummy
 68885 | Zig:27   | Noticed a greater mummy
 68886 | Zig:27   | Killed a greater mummy
 68887 | Zig:27   | Killed a greater mummy
 68888 | Zig:27   | Killed a greater mummy
 68889 | Zig:27   | Killed a greater mummy
 68890 | Zig:27   | Killed a greater mummy
 68890 | Zig:27   | Killed a greater mummy
 68890 | Zig:27   | Killed a greater mummy
 68896 | Zig:27   | Killed a greater mummy
 68898 | Zig:27   | Killed a greater mummy
 68898 | Zig:27   | Noticed a greater mummy
 68900 | Zig:27   | Killed a greater mummy
 68922 | Zig:27   | Killed a greater mummy
 69106 | Zig:27   | Found the +3 pair of gauntlets of War {Slay+5}
 69109 | Zig:27   | Found the +3 salamander hide armour {+Rage rF++}
 69109 | Zig:27   | Found the +8 frozen axe "Frostbite" {freezing cloud, *Noise
                  | +Fly rC+}
 69114 | Zig:27   | Got a steaming iron amulet
 69139 | Zig:27   | Identified the Compendium of Clay
 69244 | Zig:27   | Identified the amulet "Ytoleuwn" {Gourm Str+5} (You found
                  | it on level 27 of a ziggurat)
 69263 | Zig:1    | Entered Level 1 of a ziggurat
 69307 | Zig:2    | Entered Level 2 of a ziggurat
 69365 | Zig:3    | Entered Level 3 of a ziggurat
 69440 | Zig:4    | Entered Level 4 of a ziggurat
 69491 | Zig:5    | Entered Level 5 of a ziggurat
 69496 | Zig:5    | Found the +4 skin of Zhor {Hibernate rC+++ SInv}
 69544 | Zig:5    | Got an ancient brass ring
 69546 | Zig:5    | Got a clouded silver ring
 69611 | Zig:6    | Entered Level 6 of a ziggurat
 69616 | Zig:6    | Noticed Zadghoax the pandemonium lord
 69626 | Zig:6    | Killed Zadghoax the pandemonium lord
 69645 | Zig:6    | Identified Tafasoerch's Easy Spellcraft
 69694 | Zig:7    | Entered Level 7 of a ziggurat
 69698 | Zig:7    | Noticed a juggernaut
 69712 | Zig:7    | Killed a juggernaut
 69808 | Zig:8    | Entered Level 8 of a ziggurat
 69872 | Zig:8    | Identified the ring of Mexuggoll {rN+ Str+4 Stlth-} (You
                  | found it on level 5 of a ziggurat)
 69874 | Zig:8    | Identified the ring "Oceifiti" {rPois rF- rCorr Dex+4} (You
                  | found it on level 5 of a ziggurat)
 69879 | Zig:8    | Got an ancient granite ring
 69881 | Zig:8    | Got a warped silver ring
 69930 | Zig:9    | Entered Level 9 of a ziggurat
 70061 | Zig:10   | Entered Level 10 of a ziggurat
 70134 | Zig:10   | Identified the Disquisition on Captivating Attacks
 70137 | Zig:10   | Got a translucent wooden ring
 70144 | Zig:10   | Identified the ring "Lun Atege" {rPois rCorr Str+4} (You
                  | found it on level 8 of a ziggurat)
 70146 | Zig:10   | Identified the ring of Moodiness {Str+4 Int+2 Dex+3 Stlth-}
                  | (You found it on level 8 of a ziggurat)
 70148 | Zig:10   | Identified the ring "Oschoah" {*Corrode +Fly MR+ Str+2
                  | Stlth-} (You found it on level 10 of a ziggurat)
 70180 | Zig:10   | Reached skill level 5 in Polearms
 70183 | Zig:10   | Got a pair of polished gloves
 70195 | Zig:10   | Identified the +2 pair of gloves of Parlour Games {rElec
                  | Int+2 Dex+3} (You acquired it on level 10 of a ziggurat)
 70233 | Zig:11   | Entered Level 11 of a ziggurat
 70278 | Zig:11   | Found the +3 warlock's mirror {reflect}
 70338 | Zig:11   | Got a scintillating golden ring
 70340 | Zig:11   | Got a faintly glowing brass ring
 70373 | Zig:12   | Entered Level 12 of a ziggurat
 70378 | Zig:12   | Noticed a Killer Klown
 70379 | Zig:12   | Noticed Putotirch the pandemonium lord
 70380 | Zig:12   | Noticed Ecweprae the pandemonium lord
 70385 | Zig:12   | Noticed Giteujy the pandemonium lord
 70386 | Zig:12   | Noticed Huzeur the pandemonium lord
 70386 | Zig:12   | Noticed Qaotsoy the pandemonium lord
 70387 | Zig:12   | Noticed Fuwkutag the pandemonium lord
 70388 | Zig:12   | Noticed a Killer Klown
 70389 | Zig:12   | Killed Ecweprae the pandemonium lord
 70389 | Zig:12   | Killed a Killer Klown
 70389 | Zig:12   | Noticed Zeudumou the pandemonium lord
 70390 | Zig:12   | Noticed a Killer Klown
 70390 | Zig:12   | Noticed a Killer Klown
 70395 | Zig:12   | Killed Putotirch the pandemonium lord
 70395 | Zig:12   | Reached skill level 10 in Polearms
 70396 | Zig:12   | Killed Fuwkutag the pandemonium lord
 70396 | Zig:12   | Killed Huzeur the pandemonium lord
 70400 | Zig:12   | Killed Qaotsoy the pandemonium lord
 70402 | Zig:12   | Killed a Killer Klown
 70402 | Zig:12   | Killed a Killer Klown
 70402 | Zig:12   | Killed Giteujy the pandemonium lord
 70411 | Zig:12   | Killed Zeudumou the pandemonium lord
 70491 | Zig:12   | Got a bound glass ring
 70544 | Zig:13   | Entered Level 13 of a ziggurat
 70558 | Zig:13   | Noticed Gujeuq the pandemonium lord
 70572 | Zig:13   | Killed Gujeuq the pandemonium lord
 70671 | Zig:13   | Identified Kuelonk's Collected Works on Viperous Air
 70698 | Zig:13   | Identified the ring "Suco" {MR+ MP+9 Int+4} (You found it
                  | on level 11 of a ziggurat)
 70700 | Zig:13   | Identified the ring of Tuecawna {-Tele Str+4 Dex+6 SInv}
                  | (You found it on level 11 of a ziggurat)
 70704 | Zig:13   | Identified the ring "Ashuvazup" {+Inv rElec rCorr} (You
                  | found it on level 12 of a ziggurat)
 70720 | Zig:14   | Entered Level 14 of a ziggurat
 70889 | Zig:15   | Entered Level 15 of a ziggurat
 70897 | Zig:15   | Noticed a greater mummy
 70897 | Zig:15   | Noticed a greater mummy
 70907 | Zig:15   | Noticed a greater mummy
 70910 | Zig:15   | Noticed a greater mummy
 70913 | Zig:15   | Killed a greater mummy
 70914 | Zig:15   | Killed a greater mummy
 70915 | Zig:15   | Noticed a greater mummy
 70918 | Zig:15   | Noticed a greater mummy
 70923 | Zig:15   | Killed a greater mummy
 70928 | Zig:15   | Killed a greater mummy
 70936 | Zig:15   | Killed a greater mummy
 70943 | Zig:15   | Killed a greater mummy
 71112 | Zig:16   | Entered Level 16 of a ziggurat
 71129 | Zig:16   | Noticed Nigeurph the pandemonium lord
 71152 | Zig:16   | Killed Nigeurph the pandemonium lord
 71300 | Zig:17   | Entered Level 17 of a ziggurat
 71316 | Zig:17   | Noticed a juggernaut
 71329 | Zig:17   | Killed a juggernaut
 71542 | Zig:18   | Entered Level 18 of a ziggurat
 71640 | Zig:18   | Found the +7 sceptre of Torment {pain, torment}
 71694 | Zig:18   | Identified the Catalogue of Attacks and Contamination
 71705 | Zig:18   | Got a sparkling ivory ring
 71763 | Zig:19   | Entered Level 19 of a ziggurat
 71781 | Zig:19   | Noticed a Killer Klown
 71781 | Zig:19   | Noticed a Killer Klown
 71781 | Zig:19   | Noticed a Killer Klown
 71790 | Zig:19   | Noticed a Killer Klown
 71790 | Zig:19   | Noticed a Killer Klown
 71790 | Zig:19   | Noticed a Killer Klown
 71790 | Zig:19   | Noticed Wirycs the pandemonium lord
 71791 | Zig:19   | Noticed Hanyff the pandemonium lord
 71791 | Zig:19   | Noticed Ilucuit the pandemonium lord
 71792 | Zig:19   | Noticed a Killer Klown
 71792 | Zig:19   | Noticed a Killer Klown
 71792 | Zig:19   | Noticed Wianer the pandemonium lord
 71792 | Zig:19   | Noticed Eriut the pandemonium lord
 71793 | Zig:19   | Killed a Killer Klown
 71793 | Zig:19   | Noticed a Killer Klown
 71793 | Zig:19   | Noticed a Killer Klown
 71793 | Zig:19   | Noticed a Killer Klown
 71794 | Zig:19   | Noticed a Killer Klown
 71795 | Zig:19   | Noticed Hetur the pandemonium lord
 71795 | Zig:19   | Noticed Byhagil the pandemonium lord
 71795 | Zig:19   | Noticed Pilazag the pandemonium lord
 71795 | Zig:19   | Noticed Vineg the pandemonium lord
 71795 | Zig:19   | Killed a Killer Klown
 71795 | Zig:19   | Reached skill level 27 in Ice Magic
 71795 | Zig:19   | Noticed a Killer Klown
 71795 | Zig:19   | Noticed Ceanuim the pandemonium lord
 71796 | Zig:19   | Killed a Killer Klown
 71796 | Zig:19   | Killed a Killer Klown
 71796 | Zig:19   | Noticed Ipulerir the pandemonium lord
 71797 | Zig:19   | Killed a Killer Klown
 71797 | Zig:19   | Killed a Killer Klown
 71797 | Zig:19   | Noticed a Killer Klown
 71798 | Zig:19   | Noticed Secvotenu the pandemonium lord
 71799 | Zig:19   | Noticed a Killer Klown
 71800 | Zig:19   | Noticed Direm the pandemonium lord
 71800 | Zig:19   | Noticed a Killer Klown
 71801 | Zig:19   | Killed Wirycs the pandemonium lord
 71804 | Zig:19   | Killed a Killer Klown
 71805 | Zig:19   | Killed a Killer Klown
 71805 | Zig:19   | Killed Eriut the pandemonium lord
 71805 | Zig:19   | Killed Hanyff the pandemonium lord
 71806 | Zig:19   | Killed Ipulerir the pandemonium lord
 71806 | Zig:19   | Killed Hetur the pandemonium lord
 71806 | Zig:19   | Killed a Killer Klown
 71806 | Zig:19   | Killed a Killer Klown
 71806 | Zig:19   | Noticed Arhas the pandemonium lord
 71812 | Zig:19   | Killed Pilazag the pandemonium lord
 71813 | Zig:19   | Killed Byhagil the pandemonium lord
 71813 | Zig:19   | Killed a Killer Klown
 71813 | Zig:19   | Killed Wianer the pandemonium lord
 71813 | Zig:19   | Killed Ceanuim the pandemonium lord
 71813 | Zig:19   | Killed a Killer Klown
 71813 | Zig:19   | Killed a Killer Klown
 71813 | Zig:19   | Killed Direm the pandemonium lord
 71813 | Zig:19   | Killed Secvotenu the pandemonium lord
 71814 | Zig:19   | Killed a Killer Klown
 71814 | Zig:19   | Killed a Killer Klown
 71816 | Zig:19   | Killed Vineg the pandemonium lord
 71816 | Zig:19   | Reached skill level 27 in Conjurations
 71833 | Zig:19   | Killed Arhas the pandemonium lord
 71834 | Zig:19   | Killed Ilucuit the pandemonium lord
 71938 | Zig:19   | Identified the Collected Works on Displaced Transmigration
 71940 | Zig:19   | Identified the Grimoire of Shifting Augmentations
 72008 | Zig:19   | Identified the ring of Aguununta {rN+ Int+7 Slay+3} (You
                  | found it on level 18 of a ziggurat)
 72014 | Zig:20   | Entered Level 20 of a ziggurat
 72031 | Zig:20   | Noticed a greater mummy
 72031 | Zig:20   | Noticed a greater mummy
 72032 | Zig:20   | Noticed a greater mummy
 72033 | Zig:20   | Noticed a greater mummy
 72034 | Zig:20   | Noticed a greater mummy
 72044 | Zig:20   | Killed a greater mummy
 72044 | Zig:20   | Killed a greater mummy
 72044 | Zig:20   | Noticed a greater mummy
 72044 | Zig:20   | Noticed a greater mummy
 72045 | Zig:20   | Noticed a greater mummy
 72048 | Zig:20   | Noticed a greater mummy
 72050 | Zig:20   | Killed a greater mummy
 72057 | Zig:20   | Noticed a greater mummy
 72060 | Zig:20   | Killed a greater mummy
 72060 | Zig:20   | Killed a greater mummy
 72061 | Zig:20   | Noticed a greater mummy
 72063 | Zig:20   | Killed a greater mummy
 72064 | Zig:20   | Killed a greater mummy
 72064 | Zig:20   | Killed a greater mummy
 72070 | Zig:20   | Killed a greater mummy
 72071 | Zig:20   | Killed a greater mummy
 72076 | Zig:20   | Killed a greater mummy
 72240 | Zig:20   | Identified the Catalogue of the Enchanting Blaze
 72334 | Zig:20   | Reached skill level 15 in Dodging
 72346 | Zig:21   | Entered Level 21 of a ziggurat
 72454 | Zig:21   | Found the +15 Maxwell's patent armour {-Cast -Tele rElec
                  | MR+ rCorr}
 72544 | Zig:21   | Found the +8 storm bow {elec, penet}
 72552 | Zig:21   | Identified the Reference Book on the Escort and Cold
 72558 | Zig:21   | Identified the Compendium of Feathery Beguiling
 72567 | Zig:21   | Identified the Guide on Battle Magic and Air
 72624 | Zig:21   | Got a shimmering shield
 72636 | Zig:21   | Identified the cursed +0 shield of Miracles {Str+3} (You
                  | found it on level 21 of a ziggurat)
 72653 | Zig:22   | Entered Level 22 of a ziggurat
 72974 | Zig:23   | Entered Level 23 of a ziggurat
 72983 | Zig:23   | Noticed a greater mummy
 72983 | Zig:23   | Noticed a greater mummy
 72984 | Zig:23   | Noticed a greater mummy
 72984 | Zig:23   | Noticed a greater mummy
 72984 | Zig:23   | Noticed a greater mummy
 72986 | Zig:23   | Noticed a greater mummy
 72992 | Zig:23   | Killed a greater mummy
 72992 | Zig:23   | Killed a greater mummy
 72992 | Zig:23   | Killed a greater mummy
 72993 | Zig:23   | Killed a greater mummy
 72993 | Zig:23   | Killed a greater mummy
 72996 | Zig:23   | Noticed a greater mummy
 72998 | Zig:23   | Killed a greater mummy
 72999 | Zig:23   | Noticed a greater mummy
 73000 | Zig:23   | Noticed a greater mummy
 73000 | Zig:23   | Noticed a greater mummy
 73002 | Zig:23   | Noticed a greater mummy
 73003 | Zig:23   | Noticed a greater mummy
 73003 | Zig:23   | Noticed a greater mummy
 73006 | Zig:23   | Noticed a greater mummy
 73008 | Zig:23   | Noticed a greater mummy
 73009 | Zig:23   | Noticed a greater mummy
 73010 | Zig:23   | Noticed a greater mummy
 73012 | Zig:23   | Killed a greater mummy
 73012 | Zig:23   | Killed a greater mummy
 73012 | Zig:23   | Killed a greater mummy
 73013 | Zig:23   | Killed a greater mummy
 73013 | Zig:23   | Killed a greater mummy
 73014 | Zig:23   | Noticed a greater mummy
 73015 | Zig:23   | Noticed a greater mummy
 73018 | Zig:23   | Noticed a greater mummy
 73019 | Zig:23   | Killed a greater mummy
 73019 | Zig:23   | Reached skill level 27 in Shields
 73021 | Zig:23   | Killed a greater mummy
 73024 | Zig:23   | Noticed a greater mummy
 73030 | Zig:23   | Killed a greater mummy
 73030 | Zig:23   | Killed a greater mummy
 73030 | Zig:23   | Noticed a greater mummy
 73030 | Zig:23   | Noticed a greater mummy
 73031 | Zig:23   | Killed a greater mummy
 73031 | Zig:23   | Killed a greater mummy
 73031 | Zig:23   | Noticed a greater mummy
 73033 | Zig:23   | Killed a greater mummy
 73036 | Zig:23   | Noticed a greater mummy
 73037 | Zig:23   | Killed a greater mummy
 73040 | Zig:23   | Noticed a greater mummy
 73041 | Zig:23   | Killed a greater mummy
 73041 | Zig:23   | Killed a greater mummy
 73041 | Zig:23   | Killed a greater mummy
 73042 | Zig:23   | Killed a greater mummy
 73046 | Zig:23   | Noticed a greater mummy
 73048 | Zig:23   | Killed a greater mummy
 73051 | Zig:23   | Killed a greater mummy
 73059 | Zig:23   | Killed a greater mummy
 73061 | Zig:23   | Killed a greater mummy
 73240 | Zig:23   | Found the +8 autumn katana {slice, Clar}
 73243 | Zig:23   | Found the +8 whip "Snakebite" {curare, rPois}
 73248 | Zig:23   | Got a scintillating zirconium amulet
 73249 | Zig:23   | Identified the Almanac of Anarchy
 73271 | Zig:23   | Identified the Volume of Cold and Enchantment
 73360 | Zig:24   | Entered Level 24 of a ziggurat
 73374 | Zig:24   | Noticed a greater mummy
 73376 | Zig:24   | Noticed a greater mummy
 73376 | Zig:24   | Noticed a greater mummy
 73376 | Zig:24   | Noticed a greater mummy
 73379 | Zig:24   | Noticed a greater mummy
 73379 | Zig:24   | Noticed a greater mummy
 73380 | Zig:24   | Noticed a greater mummy
 73384 | Zig:24   | Killed a greater mummy
 73384 | Zig:24   | Noticed a greater mummy
 73386 | Zig:24   | Noticed a greater mummy
 73386 | Zig:24   | Noticed a greater mummy
 73388 | Zig:24   | Noticed a greater mummy
 73390 | Zig:24   | Killed a greater mummy
 73390 | Zig:24   | Noticed a greater mummy
 73391 | Zig:24   | Killed a greater mummy
 73391 | Zig:24   | Killed a greater mummy
 73391 | Zig:24   | Killed a greater mummy
 73391 | Zig:24   | Killed a greater mummy
 73394 | Zig:24   | Killed a greater mummy
 73394 | Zig:24   | Killed a greater mummy
 73394 | Zig:24   | Killed a greater mummy
 73394 | Zig:24   | Noticed a greater mummy
 73397 | Zig:24   | Noticed a greater mummy
 73397 | Zig:24   | Noticed a greater mummy
 73398 | Zig:24   | Noticed a greater mummy
 73399 | Zig:24   | Killed a greater mummy
 73399 | Zig:24   | Noticed a greater mummy
 73403 | Zig:24   | Noticed a greater mummy
 73404 | Zig:24   | Noticed a greater mummy
 73405 | Zig:24   | Killed a greater mummy
 73406 | Zig:24   | Noticed a greater mummy
 73411 | Zig:24   | Killed a greater mummy
 73412 | Zig:24   | Killed a greater mummy
 73414 | Zig:24   | Killed a greater mummy
 73415 | Zig:24   | Killed a greater mummy
 73422 | Zig:24   | Killed a greater mummy
 73423 | Zig:24   | Killed a greater mummy
 73423 | Zig:24   | Killed a greater mummy
 73423 | Zig:24   | Noticed a greater mummy
 73430 | Zig:24   | Killed a greater mummy
 73430 | Zig:24   | Noticed a greater mummy
 73432 | Zig:24   | Killed a greater mummy
 73436 | Zig:24   | Killed a greater mummy
 73443 | Zig:24   | Killed a greater mummy
 73653 | Zig:24   | Got a clouded amber ring
 73656 | Zig:24   | Identified Cinon's Guide on Protection and Flames
 73730 | Zig:25   | Entered Level 25 of a ziggurat
 73745 | Zig:25   | Noticed a shard shrike
 73746 | Zig:25   | Noticed a shard shrike
 73746 | Zig:25   | Noticed a shard shrike
 73747 | Zig:25   | Noticed a shard shrike
 73747 | Zig:25   | Noticed a shard shrike
 73748 | Zig:25   | Noticed a shard shrike
 73750 | Zig:25   | Noticed a shard shrike
 73752 | Zig:25   | Killed a shard shrike
 73753 | Zig:25   | Killed a shard shrike
 73754 | Zig:25   | Killed a shard shrike
 73754 | Zig:25   | Killed a shard shrike
 73754 | Zig:25   | Killed a shard shrike
 73754 | Zig:25   | Noticed a shard shrike
 73756 | Zig:25   | Killed a shard shrike
 73759 | Zig:25   | Noticed a shard shrike
 73760 | Zig:25   | Killed a shard shrike
 73760 | Zig:25   | Killed a shard shrike
 73760 | Zig:25   | Noticed a shard shrike
 73770 | Zig:25   | Killed a shard shrike
 73770 | Zig:25   | Noticed a shard shrike
 73780 | Zig:25   | Killed a shard shrike
 73796 | Zig:25   | Noticed a shard shrike
 73798 | Zig:25   | Killed a shard shrike
 73811 | Zig:25   | Killed a shard shrike
 73830 | Zig:25   | Noticed a shard shrike
 73931 | Zig:25   | Killed a shard shrike
 74027 | Zig:25   | Got a sparkling pewter ring
 74055 | Zig:26   | Entered Level 26 of a ziggurat
 74060 | Zig:26   | Identified the amulet of Xom's Flight of Fancy {Spirit
                  | rF++} (You found it on level 23 of a ziggurat)
 74062 | Zig:26   | Identified the ring "Papeeny" {rElec Int+5 Dex+4 Slay-2}
                  | (You found it on level 25 of a ziggurat)
 74064 | Zig:26   | Identified the ring of Xom's Whimsicality {rElec rC+ MR+
                  | MP+9 Stlth+} (You found it on level 24 of a ziggurat)
 74126 | Zig:26   | Reached skill level 27 in Armour
 74358 | Zig:26   | Found the +3 sling "Punk" {acid, rCorr}
 74383 | Zig:26   | Got a sparkling glass ring
 74384 | Zig:26   | Identified Qofoni's Collected Works on Shifting Feathers
 74469 | Zig:27   | Entered Level 27 of a ziggurat
 74663 | Tomb:3   | Identified the ring of the Sneaky Nights {MR+ EV+2} (You
                  | found it on level 26 of a ziggurat)
 74665 | Tomb:3   | Lost mutation: You are resistant to electric shocks.
                  | (rElec) [potion of mutation]
 74665 | Tomb:3   | Lost mutation: You are agile. (Dex +2) [potion of mutation]
 74665 | Tomb:3   | Gained mutation: Your flesh is heat resistant. (rF+)
                  | [potion of mutation]
 74665 | Tomb:3   | Gained mutation: You evolve. [potion of mutation]
 74666 | Tomb:3   | Lost mutation: You evolve. [potion of mutation]
 74666 | Tomb:3   | Lost mutation: Your flesh is heat resistant. (rF+) [potion
                  | of mutation]
 74666 | Tomb:3   | Lost mutation: You are surrounded by a mild repulsion
                  | field. (EV +2) [potion of mutation]
 74666 | Tomb:3   | Gained mutation: You occasionally shout uncontrollably at
                  | your foes. [potion of mutation]
 74666 | Tomb:3   | Gained mutation: Your muscles are strong. (Str +2) [potion
                  | of mutation]
 74667 | Tomb:3   | Lost mutation: Your muscles are strong. (Str +2) [potion of
                  | mutation]
 74667 | Tomb:3   | Lost mutation: You occasionally shout uncontrollably at
                  | your foes. [potion of mutation]
 74667 | Tomb:3   | Gained mutation: You are clumsy. (Dex -2) [potion of
                  | mutation]
 74667 | Tomb:3   | Gained mutation: Your skin changes colour to match your
                  | surroundings (Stealth+). [potion of mutation]
 74667 | Tomb:3   | Gained mutation: You are partially covered in yellow
                  | scales. (AC +2) [potion of mutation]
 74668 | Tomb:3   | Lost mutation: You are clumsy. (Dex -2) [potion of
                  | mutation]
 74668 | Tomb:3   | Lost mutation: You are partially covered in yellow scales.
                  | (AC +2) [potion of mutation]
 74668 | Tomb:3   | Gained mutation: You occasionally shout uncontrollably at
                  | your foes. [potion of mutation]
 74668 | Tomb:3   | Gained mutation: Your spells are a little harder to cast,
                  | but a little more powerful. [potion of mutation]
 74669 | Tomb:3   | Lost mutation: Your spells are a little harder to cast, but
                  | a little more powerful. [potion of mutation]
 74669 | Tomb:3   | Lost mutation: You occasionally shout uncontrollably at
                  | your foes. [potion of mutation]
 74669 | Tomb:3   | Gained mutation: You are dopey. (Int -2) [potion of
                  | mutation]
 74669 | Tomb:3   | Gained mutation: Your magical capacity is low. (-10% MP)
                  | [potion of mutation]
 74669 | Tomb:3   | Gained mutation: You have a somewhat thin skeletal
                  | structure. (Dex +2, Stealth) [potion of mutation]
 74670 | Tomb:3   | Lost mutation: You have a somewhat thin skeletal structure.
                  | (Dex +2, Stealth) [potion of mutation]
 74670 | Tomb:3   | Lost mutation: Your magical capacity is low. (-10% MP)
                  | [potion of mutation]
 74670 | Tomb:3   | Gained mutation: You passively map a small area around you.
                  | [potion of mutation]
 74670 | Tomb:3   | Gained mutation: Your system is resistant to poisons.
                  | (rPois) [potion of mutation]
 74671 | Tomb:3   | Lost mutation: You are dopey. (Int -2) [potion of mutation]
 74671 | Tomb:3   | Lost mutation: Your system is resistant to poisons. (rPois)
                  | [potion of mutation]
 74671 | Tomb:3   | Lost mutation: Your skin changes colour to match your
                  | surroundings (Stealth+). [potion of mutation]
 74671 | Tomb:3   | Gained mutation: Your flesh is heat resistant. (rF+)
                  | [potion of mutation]
 74671 | Tomb:3   | Gained mutation: Your skin changes colour to match your
                  | surroundings (Stealth+). [potion of mutation]
 74672 | Tomb:3   | Lost mutation: Your flesh is heat resistant. (rF+) [potion
                  | of mutation]
 74672 | Tomb:3   | Lost mutation: You passively map a small area around you.
                  | [potion of mutation]
 74672 | Tomb:3   | Gained mutation: Your body sometimes deteriorates upon
                  | taking damage. [potion of mutation]
 74672 | Tomb:3   | Gained mutation: Scrolls take you a little longer to read.
                  | [potion of mutation]
 74672 | Tomb:3   | Gained mutation: You are agile. (Dex +2) [potion of
                  | mutation]
 74673 | Tomb:3   | Lost mutation: You are agile. (Dex +2) [potion of mutation]
 74673 | Tomb:3   | Lost mutation: Scrolls take you a little longer to read.
                  | [potion of mutation]
 74673 | Tomb:3   | Gained mutation: You are partially covered in iridescent
                  | scales. (AC +2) [potion of mutation]
 74673 | Tomb:3   | Gained mutation: You are partially covered in large bone
                  | plates. (SH +4) [potion of mutation]
 74673 | Tomb:3   | Gained mutation: You are somewhat resistant to further
                  | mutation. [potion of mutation]
 74674 | Tomb:3   | Lost mutation: You are somewhat resistant to further
                  | mutation. [potion of mutation]
 74674 | Tomb:3   | Lost mutation: Your body sometimes deteriorates upon taking
                  | damage. [potion of mutation]
 74674 | Tomb:3   | Lost mutation: You are partially covered in large bone
                  | plates. (SH +4) [potion of mutation]
 74674 | Tomb:3   | Lost mutation: Your skin changes colour to match your
                  | surroundings (Stealth+). [potion of mutation]
 74674 | Tomb:3   | Gained mutation: Your natural rate of healing is unusually
                  | fast. [potion of mutation]
 74674 | Tomb:3   | Gained mutation: Your body sometimes deteriorates upon
                  | taking damage. [potion of mutation]
 74674 | Tomb:3   | Gained mutation: You are clumsy. (Dex -2) [potion of
                  | mutation]
 74674 | Tomb:3   | Gained mutation: Your flesh is cold resistant. (rC+)
                  | [potion of mutation]
 74675 | Tomb:3   | Lost mutation: You are clumsy. (Dex -2) [potion of
                  | mutation]
 74675 | Tomb:3   | Lost mutation: Your flesh is cold resistant. (rC+) [potion
                  | of mutation]
 74675 | Tomb:3   | Lost mutation: Your natural rate of healing is unusually
                  | fast. [potion of mutation]
 74675 | Tomb:3   | Lost mutation: Your body sometimes deteriorates upon taking
                  | damage. [potion of mutation]
 74675 | Tomb:3   | Gained mutation: You expend magic power (3 MP) to
                  | strengthen your wands. [potion of mutation]
 74675 | Tomb:3   | Gained mutation: You have an increased reservoir of magic.
                  | (+10% MP) [potion of mutation]
 74676 | Tomb:3   | Lost mutation: You have an increased reservoir of magic.
                  | (+10% MP) [potion of mutation]
 74676 | Tomb:3   | Lost mutation: You are partially covered in iridescent
                  | scales. (AC +2) [potion of mutation]
 74676 | Tomb:3   | Lost mutation: You expend magic power (3 MP) to strengthen
                  | your wands. [potion of mutation]
 74676 | Tomb:3   | Gained mutation: You are clumsy. (Dex -2) [potion of
                  | mutation]
 74676 | Tomb:3   | Gained mutation: You are partially covered in rugged brown
                  | scales. (AC +1, +3% HP) [potion of mutation]
 74676 | Tomb:3   | Gained mutation: Your flesh is heat resistant. (rF+)
                  | [potion of mutation]
 74676 | Tomb:3   | Gained mutation: You possess an exceptional clarity of
                  | mind. [potion of mutation]
 74677 | Tomb:3   | Lost mutation: You are clumsy. (Dex -2) [potion of
                  | mutation]
 74677 | Tomb:3   | Lost mutation: You possess an exceptional clarity of mind.
                  | [potion of mutation]
 74677 | Tomb:3   | Lost mutation: Your flesh is heat resistant. (rF+) [potion
                  | of mutation]
 74677 | Tomb:3   | Gained mutation: You are resistant to hostile enchantments.
                  | (MR+) [potion of mutation]
 74678 | Tomb:3   | Lost mutation: You are partially covered in rugged brown
                  | scales. (AC +1, +3% HP) [potion of mutation]
 74678 | Tomb:3   | Lost mutation: You are resistant to hostile enchantments.
                  | (MR+) [potion of mutation]
 74678 | Tomb:3   | Gained mutation: You do not regenerate when monsters are
                  | visible. [potion of mutation]
 74678 | Tomb:3   | Gained mutation: Your flesh is cold resistant. (rC+)
                  | [potion of mutation]
 74679 | Tomb:3   | Lost mutation: Your flesh is cold resistant. (rC+) [potion
                  | of mutation]
 74679 | Tomb:3   | Gained mutation: You evolve. [potion of mutation]
 74679 | Tomb:3   | Gained mutation: You have sharp toenails. [potion of
                  | mutation]
 74679 | Tomb:3   | Gained mutation: You are agile. (Dex +2) [potion of
                  | mutation]
 74680 | Tomb:3   | Lost mutation: You do not regenerate when monsters are
                  | visible. [potion of mutation]
 74680 | Tomb:3   | Lost mutation: You are agile. (Dex +2) [potion of mutation]
 74680 | Tomb:3   | Lost mutation: You evolve. [potion of mutation]
 74680 | Tomb:3   | Gained mutation: You are frail. (-10% HP) [potion of
                  | mutation]
 74680 | Tomb:3   | Gained mutation: Your flesh is cold resistant. (rC+)
                  | [potion of mutation]
 74681 | Tomb:3   | Lost mutation: You are frail. (-10% HP) [potion of
                  | mutation]
 74681 | Tomb:3   | Lost mutation: Your flesh is cold resistant. (rC+) [potion
                  | of mutation]
 74681 | Tomb:3   | Lost mutation: You have sharp toenails. [potion of
                  | mutation]
 74681 | Tomb:3   | Gained mutation: You are agile. (Dex +2) [potion of
                  | mutation]
 74681 | Tomb:3   | Gained mutation: You are weak. (Str -2) [potion of
                  | mutation]
 74681 | Tomb:3   | Lost mutation: You are agile. (Dex +2) [potion of mutation]
 74681 | Tomb:3   | Gained mutation: You are agile. (Dex +2) [potion of
                  | mutation]
 74682 | Tomb:3   | Lost mutation: You are agile. (Dex +2) [potion of mutation]
 74682 | Tomb:3   | Gained mutation: Your flesh is cold resistant. (rC+)
                  | [potion of mutation]
 74682 | Tomb:3   | Gained mutation: You are resistant to hostile enchantments.
                  | (MR+) [potion of mutation]
 74682 | Tomb:3   | Gained mutation: You have sharp toenails. [potion of
                  | mutation]
 74682 | Tomb:3   | Gained mutation: Your flesh is very cold resistant. (rC++)
                  | [potion of mutation]
 74683 | Tomb:3   | Lost mutation: Your flesh is very cold resistant. (rC++)
                  | [potion of mutation]
 74683 | Tomb:3   | Lost mutation: Your flesh is cold resistant. (rC+) [potion
                  | of mutation]
 74683 | Tomb:3   | Gained mutation: You are dopey. (Int -2) [potion of
                  | mutation]
 74683 | Tomb:3   | Gained mutation: You are surrounded by a mild repulsion
                  | field. (EV +2) [potion of mutation]
 74683 | Tomb:3   | Gained mutation: You have a somewhat thin skeletal
                  | structure. (Dex +2, Stealth) [potion of mutation]
 74684 | Tomb:3   | Lost mutation: You have sharp toenails. [potion of
                  | mutation]
 74684 | Tomb:3   | Lost mutation: You are dopey. (Int -2) [potion of mutation]
 74684 | Tomb:3   | Lost mutation: You are weak. (Str -2) [potion of mutation]
 74684 | Tomb:3   | Gained mutation: You expend magic power (3 MP) to
                  | strengthen your wands. [potion of mutation]
 74685 | Tomb:3   | Lost mutation: You expend magic power (3 MP) to strengthen
                  | your wands. [potion of mutation]
 74685 | Tomb:3   | Lost mutation: You have a somewhat thin skeletal structure.
                  | (Dex +2, Stealth) [potion of mutation]
 74685 | Tomb:3   | Lost mutation: You are resistant to hostile enchantments.
                  | (MR+) [potion of mutation]
 74685 | Tomb:3   | Gained mutation: You are surrounded by a moderate repulsion
                  | field. (EV +3) [potion of mutation]
 74685 | Tomb:3   | Gained mutation: Your magical capacity is low. (-10% MP)
                  | [potion of mutation]
 74685 | Tomb:3   | Gained mutation: You are partially covered in thin metallic
                  | scales. (AC +2) [potion of mutation]
 74685 | Tomb:3   | Gained mutation: You passively map a small area around you.
                  | [potion of mutation]
 74686 | Tomb:3   | Lost mutation: Your magical capacity is low. (-10% MP)
                  | [potion of mutation]
 74686 | Tomb:3   | Lost mutation: You are partially covered in thin metallic
                  | scales. (AC +2) [potion of mutation]
 74686 | Tomb:3   | Gained mutation: Your mind is acute. (Int +2) [potion of
                  | mutation]
 74687 | Tomb:3   | Lost mutation: Your mind is acute. (Int +2) [potion of
                  | mutation]
 74687 | Tomb:3   | Lost mutation: You passively map a small area around you.
                  | [potion of mutation]
 74687 | Tomb:3   | Lost mutation: You are surrounded by a moderate repulsion
                  | field. (EV +3) [potion of mutation]
 74687 | Tomb:3   | Gained mutation: Your system is resistant to poisons.
                  | (rPois) [potion of mutation]
 74687 | Tomb:3   | Gained mutation: You occasionally shout uncontrollably at
                  | your foes. [potion of mutation]
 74687 | Tomb:3   | Gained mutation: You evolve. [potion of mutation]
 74688 | Tomb:3   | Lost mutation: Your system is resistant to poisons. (rPois)
                  | [potion of mutation]
 74688 | Tomb:3   | Lost mutation: You evolve. [potion of mutation]
 74688 | Tomb:3   | Lost mutation: You occasionally shout uncontrollably at
                  | your foes. [potion of mutation]
 74688 | Tomb:3   | Gained mutation: You are agile. (Dex +2) [potion of
                  | mutation]
 74688 | Tomb:3   | Gained mutation: You passively map a small area around you.
                  | [potion of mutation]
 74974 | Depths:1 | Entered Level 1 of the Depths
 75110 | Depths:1 | Found a gateway to Hell.
 75242 | Depths:2 | Found a magical portal.
 75581 | WizLab   | Identified the Almanac of Air
 75679 | Depths:2 | Reached skill level 27 in Dodging
 75697 | Depths:2 | Identified the ring "Rejyfil" {rCorr Dex+2}
 75698 | Depths:2 | Identified the +10 eveningstar of Zelekafa {venom, Str+4}
 75807 | Depths:3 | You fall into a shaft and drop 1 floor!
 75810 | Depths:4 | You fall into a shaft and drop 1 floor!
 75810 | Depths:5 | Entered Level 5 of the Depths
 75847 | Depths:5 | Found a one-way gate to the infinite horrors of the Abyss.
 75880 | Depths:5 | Found a gate to the Realm of Zot.
 75892 | Zot:1    | Entered Level 1 of the Realm of Zot
 75896 | Zot:1    | You fall into a shaft and drop 1 floor!
 75933 | Zot:2    | You fall into a shaft and drop 1 floor!
 75936 | Zot:3    | You fall into a shaft and drop 1 floor!
 75939 | Zot:4    | You fall into a shaft and drop 1 floor!
 75939 | Zot:5    | Entered Level 5 of the Realm of Zot
 75973 | Zot:5    | Noticed a Killer Klown
 75988 | Zot:5    | Killed a Killer Klown
 76035 | Zot:5    | Found a glowing silver altar of Zin.
 76170 | Zot:5    | Noticed an ancient lich
 76173 | Zot:5    | Noticed an orb of fire
 76177 | Zot:5    | Noticed an ancient lich
 76178 | Zot:5    | Noticed an orb of fire
 76178 | Zot:5    | Noticed a Killer Klown
 76194 | Zot:5    | Noticed an orb of fire
 76194 | Zot:5    | Noticed a Killer Klown
 76197 | Zot:5    | Noticed an ancient lich
 76198 | Zot:5    | Killed an orb of fire
 76201 | Zot:5    | Killed an ancient lich
 76202 | Zot:5    | Killed an orb of fire
 76203 | Zot:5    | Killed an orb of fire
 76206 | Zot:5    | Noticed an ancient lich
 76206 | Zot:5    | Noticed a Killer Klown
 76208 | Zot:5    | Noticed an orb of fire
 76209 | Zot:5    | Killed an ancient lich
 76212 | Zot:5    | Killed an ancient lich
 76214 | Zot:5    | Killed an ancient lich
 76223 | Zot:5    | Killed a Killer Klown
 76224 | Zot:5    | Killed a Killer Klown
 76226 | Zot:5    | Killed a Killer Klown
 76227 | Zot:5    | Killed an orb of fire
 76309 | Zot:5    | Noticed an ancient lich
 76321 | Zot:5    | Noticed a Killer Klown
 76322 | Zot:5    | Killed an ancient lich
 76335 | Zot:5    | Killed a Killer Klown
 76403 | Zot:5    | Got the Orb of Zot
 76522 | Zot:4    | Noticed Jeozeaca the pandemonium lord
 76530 | Zot:4    | Reached skill level 15 in Polearms
 76542 | Zot:4    | Killed Jeozeaca the pandemonium lord
 76578 | Zot:3    | Noticed an orb of fire
 76586 | Zot:3    | Noticed an orb of fire
 76594 | Zot:3    | Killed an orb of fire
 76599 | Zot:3    | Killed an orb of fire
 76748 | Depths:5 | Noticed Itzuoh the pandemonium lord
 76782 | Depths:4 | You fall into a shaft and drop 1 floor!
 76790 | Depths:5 | Found a gateway to a ziggurat.
 76858 | Depths:4 | Noticed Margery
 76873 | Depths:4 | Killed Margery
 76879 | Depths:4 | Noticed an ancient lich
 76896 | Depths:4 | Killed an ancient lich
 76937 | Depths:3 | Noticed Jory
 76941 | Depths:3 | Noticed Scypier's ghost (veteran DsAK)
 76949 | Depths:3 | Found Pewuuc's Assorted Antiques.
 76955 | Depths:3 | Killed Jory
 76965 | Depths:3 | Killed Scypier's ghost
 76985 | Depths:3 | Found an opulent altar of Gozag.
 77411 | D:$      | Escaped with the Orb!

Levels and vault maps discovered:
D:1:      lemuel_arrival_river_ford, layout_loops_cross, moated_statue,
          minivault_26
D:2:      layout_basic, chequers_ecumenical_altar_lobes
D:3:      layout_rooms, minitemple
D:4:      layout_basic, first_ration
D:5:      layout_basic, lemuel_round_altar, overflow_temple_1_default,
          uniq_blork_the_orc, uniq_menkaure, uniq_pikel
D:6:      hangedman_cross_stitches, layout_loops_ring,
          grunt_temple_overflow_cloverleaf, minmay_temple_entry_large_hall,
          kennysheep_dice
D:7:      layout_rooms, grunt_ogre_cave, uniq_harold
D:8:      layout_rooms, elyvilon_altar_1, old_standard_altar,
          due_lair_maze_entry_diamond, serial_shops, kennysheep_mini_moat,
          uniq_maurice
D:9:      layout_loops_ring, overflow_temple_1_default,
          nicolae_xom_altar_mimics, serial_shops, nicolae_shop_stone,
          minmay_diamond_spiral, uniq_grum
D:10:     layout_cave_pools, minmay_misc_feat_pillars, minmay_unpleasant_kobolds
D:11:     layout_roguey
D:12:     layout_long_grid, erik_orc_1
D:13:     layout_loops_ring, kennysheep_generic_room_6
D:14:     layout_loops_ring, grunt_vaults_entry_fortified,
          minmay_misc_feat_doors, uniq_rupert
D:15:     hangedman_depths_entry_civil_slaughter, layout_small_grid,
          minivault_4, basic_altar, minmay_beelzebubs_servants
Temple:   zaba_magenta_temple
Lair:1:   layout_regular_city, st_stairs_4
Lair:2:   layout_chaotic_city, spider_nest_entry_webs, gammafunk_ghost_cemetery,
          eino_small_chamber_without_monster
Lair:3:   layout_long_grid, elwin_shoals_entry_stream, gauntlet_entry_generic,
          grunt_megastairs_3, uniq_snorg, uniq_urug
Lair:4:   layout_cave_pods, beast_lair_carwin_10
Lair:5:   layout_regular_city, serial_bayou_shore_a, grunt_megastairs_4,
          infiniplex_staircase_pool
Lair:6:   gammafunk_lair_ancient_temple, layout_long_grid,
          minmay_slime_entry_pillars, minivault_24, serial_bayou_pond_e,
          lemuel_fruit_tree
Shoals:1: layout_shoals, uniq_donald, uniq_kirke, uniq_josephine
Shoals:2: layout_shoals, serial_shops, nicolae_shop_statue_plus, shop,
          nicolae_shop_behind_doors, shop, shop
Shoals:3: layout_shoals, nicolae_shoals_square_sea_wall, lemuel_centaur_altar
Shoals:4: shoals_end_grunt_ice, layout_shoals
Spider:1: layout_spider_delve, drop_trap
Spider:2: layout_spider_delve, drop_trap, uniq_azrael, uniq_roxanne
Spider:3: layout_spider_delve
Spider:4: grunt_spider_rune_parallel, guppyfry_spider_mini_2
Orc:1:    layout_diamond_mine, serial_shops, shop
Orc:2:    pubby_orc_utopia
Elf:1:    layout_gridlike, serial_shops, shop, ebering_ghost_xom,
          evilmike_minifort, corexii_checkpoint_b, minivault_25,
          solitary_fountain
Elf:2:    layout_loops_ring, hangedman_elf_simple_split
Elf:3:    minmay_elf_hall, layout_gridlike, serial_shops, shop, uniq_mara
Vaults:1: grunt_vaults_hallway_long, v_pattern_4, v_misc_14,
          vaults_room_grunt_arrival_checkpoint, hangedman_vaults_pinch,
          hangedman_vaults_slice, nicolae_vaults_little_squares_3,
          ontoclasm_vaults_spin, vaults_room_hallway, nicolae_vaults_little_ls,
          layout_vaults_big_room, serial_shops, shop
Vaults:2: biasface_vaults_ghost_orc_armoury, nicolae_vaults_three_branches,
          vaults_room_pools, nicolae_vaults_hallways_thing, sword_in_stone,
          v_pattern_3, v_misc_29, ontoclasm_vaults_ring_small,
          hangedman_vaults_locks, v_alt_pattern_6, ontoclasm_vaults_shuriken,
          nicolae_vaults_sealed_display, ontoclasm_vaults_ligature,
          ontoclasm_vaults_decontamination, vaults_room_large_hall,
          vaults_dpeg_diagonal, layout_vaults_maze
Vaults:3: grunt_vaults_twisty, grunt_vaults_diagonal, vaults_room_pools,
          vaults_mumra_minichess_inversion, nicolae_vaults_little_squares_4,
          minmay_crypt_entry_simple_box, v_misc_3, v_misc_15,
          layout_vaults_quadrants, serial_shops, nicolae_shop_statue_plus
Vaults:4: v_misc_10, ontoclasm_vaults_fault, v_rooms_6,
          nicolae_vaults_little_squares_1, ontoclasm_vaults_twist,
          ontoclasm_vaults_ring_small, vaults_room_fancy_cross,
          nicolae_vaults_what_the_h, v_misc_9, vaults_room_semicircle,
          vaults_room_stairs_pillars, ontoclasm_vaults_gateway, v_misc_18,
          layout_vaults_ring
Vaults:5
Crypt:1:  layout_gridlike, serial_corexii_hall, chequers_hall_statues_wall_a,
          corexii_hall_statues_x, chequers_hall_statues_y,
          corexii_hall_statues_deadend, grunt_crypt_arrival_guarded_gate,
          uniq_bai_suzhen, uniq_sojobo, uniq_saint_roka, uniq_xtahua,
          uniq_aizul, uniq_frederick
Crypt:2:  layout_misc_corridors, gammafunk_ghost_crypt, chequers_big_river,
          hex_large
Crypt:3:  lightli_unholy_cathedral, layout_chaotic_city,
          nicolae_tomb_entry_unfolded_pyramid_orthogonal
Tomb:1
Tomb:2
Tomb:3
Depths:1: layout_basic, hell_entry, rand_demon_pan_entry_5, nrook_campfire,
          minmay_misc_feat_tiny, serial_sigils_hangedman_leer,
          lemuel_old_faithful, minmay_shoptagon
Depths:2: minmay_the_grid_octo_tiled_squarecenter_mashed
          [minmay_the_grid_octo_77, minmay_the_grid_octo_teeth,
          minmay_the_grid_octo_chip, minmay_the_grid_octo_tetromino_candy,
          minmay_the_grid_square_5x5_megaprize_open,
          minmay_the_grid_square_5x5_fat_x, minmay_the_grid_square_5x5_six,
          minmay_the_grid_square_5x5_bracketed,
          minmay_the_grid_square_5x5_three_small], layout_honeycomb, hell_entry,
          infiniplex_enter_wizlab_spiral, abyss_entry_crystal,
          chequers_serial_rivers_small_b, kennysheep_decorative_pillar,
          minmay_strange_pillars
Depths:3: cell_vault, layout_cave_pools, grunt_metal_band,
          grunt_pan_entry_spiral, ebering_ghost_gozag, minivault_10,
          columned_hall_lemuel, chequers_serial_rivers_small_b,
          infiniplex_staircase_zigzag_1, uniq_jory
Depths:4: hangedman_crystal_crosses_colossus [crystal_crosses_arms_four,
          crystal_crosses_arms_four, crystal_crosses_arms_two,
          crystal_crosses_arms_one], hell_entry, abyss_entry, uniq_margery
Depths:5: grunt_zot_entry_gee_three, layout_cave_shapes, enter_ziggurat_b,
          serial_sigils, serial_sigils_hangedman_writhe,
          serial_sigils_hangedman_stare, serial_sigils_hangedman_gut,
          serial_sigils_hangedman_carve, serial_sigils_hangedman_gut,
          abyss_entry, hell_entry, chequers_serial_rivers_small_3,
          minmay_tree_intersection
Zot:1:    layout_twisted_circle
Zot:2:    kennysheep_spiral_hall, layout_gridville
Zot:3:    kennysheep_ambush_hall, layout_basic, grunt_megastairs_2
Zot:4:    lemuel_halls_of_wrath, layout_misc_corridors, bh_zot_levy_curve
Zot:5:    layout_misc_corridors, basic_altar, lemuel_baited_zot_trap

Skill      XL: |  1  2  3  4  5  6  7  8  9 10 11 12 13 14 15 16 17 18 19 20 21 22 23 24 25 26 27 |
---------------+----------------------------------------------------------------------------------+-----
Conjurations   | 1 2 3 4 5 6 27 | 27.0
Fire Magic     | 3 5 |  5.1
Air Magic      | 2 4 5 27 | 27.0
Necromancy     | 6 9 10 12 13 15 17 18 19 | 19.0
Charms         | 4 6 |  6.6
Spellcasting   | 5 7 9 13 16 17 22 | 22.0
Dodging        | 3 5 7 8 27 | 27.0
Fighting       | 3 5 8 10 11 14 17 18 23 | 23.7
Armour         | 3 5 8 10 27 | 27.0
Earth Magic    | 6 10 13 15 16 17 18 21 27 | 27.0
Shields        | 3 9 14 15 27 | 27.0
Transmutations | 2 9 12 16 18 19 | 19.0
Evocations     | 3 10 12 22 | 22.2
Summonings     | 10 | 10.0
Hexes          | 12 | 12.0
Ice Magic      | 27 | 27.0
Throwing       | 20 | 20.4
Stealth        | 20 | 20.3
Polearms       | 16 | 16.2
Translocations | |  0.8

Action                   |  1- 3 |  4- 6 |  7- 9 | 10-12 | 13-15 | 16-18 | 19-21 | 22-24 | 25-27 || total
-------------------------+-------+-------+-------+-------+-------+-------+-------+-------+-------++-------
Melee: Club              |    13 |       |       |       |       |       |       |       |       ||    13
       Short sword       |       |    12 |       |       |       |       |       |       |       ||    12
       Whip              |       |    10 |     2 |     3 |       |       |       |       |       ||    15
       Dagger            |       |    26 |   128 |   104 |       |       |       |       |       ||   258
       Trident           |       |       |       |    74 |   920 |     3 |       |       |       ||   997
       Maul              |       |       |       |     8 |       |       |       |       |       ||     8
       Dire flail        |       |       |       |       |       |   380 |       |       |       ||   380
       Demon trident     |       |       |       |       |       |   364 |   679 |   767 |   476 ||  2286
       Lance             |       |       |       |       |       |       |       |       |   221 ||   221
       Staff             |       |       |       |       |       |       |       |       |    75 ||    75
 Fire: Hunting sling     |       |       |    73 |   275 |   358 |    41 |       |       |       ||   747
       Arbalest          |       |       |       |    23 |       |    15 |     3 |       |       ||    41
       Hand crossbow     |       |       |       |       |       |       |     1 |       |       ||     1
Throw: Dart              |       |     2 |     2 |       |       |       |       |       |       ||     4
 Cast: Magic Dart        |    69 |   113 |    41 |    60 |    26 |    17 |       |       |       ||   326
       Mephitic Cloud    |       |     4 |    25 |    36 |   134 |    39 |    21 |     4 |       ||   263
       Conjure Flame     |       |     4 |    31 |    68 |   108 |    54 |    27 |    37 |    15 ||   344
       Regeneration      |       |       |       |    29 |    84 |    84 |    65 |    25 |    45 ||   332
       Sublimation of Bl |       |       |       |    13 |    66 |    73 |    99 |    39 |       ||   290
       Borgnjor's Vile C |       |       |       |    21 |   164 |   246 |   274 |   241 |   276 ||  1222
       Dispel Undead     |       |       |       |     3 |     7 |    14 |    18 |    65 |    82 ||   189
       Bolt of Draining  |       |       |       |       |       |       |     6 |    14 |       ||    20
       Bolt of Magma     |       |       |       |       |       |       |       |     4 |     2 ||     6
       Necromutation     |       |       |       |       |       |       |       |    11 |   225 ||   236
       Shatter           |       |       |       |       |       |       |       |       |   752 ||   752
       Tornado           |       |       |       |       |       |       |       |       |   238 ||   238
       Ozocubu's Armour  |       |       |       |       |       |       |       |       |    44 ||    44
       Chain Lightning   |       |       |       |       |       |       |       |       |    18 ||    18
       Aura of Abjuratio |       |       |       |       |       |       |       |       |    16 ||    16
       Glaciate          |       |       |       |       |       |       |       |       |    10 ||    10
       Darkness          |       |       |       |       |       |       |       |       |     3 ||     3
Invok: Receive Necronomi |       |       |       |       |     1 |       |       |       |       ||     1
       Renounce Religion |       |       |       |       |     1 |       |       |       |       ||     1
       Potion Petition   |       |       |       |       |     2 |       |     1 |       |    65 ||    68
 Abil: Dig               |     3 |       |    12 |    19 |    30 |    22 |     8 |    11 |     6 ||   111
       Evoke Flight      |       |       |       |       |       |       |       |     2 |       ||     2
       End Transformatio |       |       |       |       |       |       |       |       |    23 ||    23
       Shaft Self        |       |       |       |       |       |       |       |       |     6 ||     6
Evoke: Wand              |       |       |       |       |     7 |       |       |       |     1 ||     8
       Lamp of fire      |       |       |       |       |       |     1 |     1 |       |     1 ||     3
       Staff of energy   |       |       |       |       |       |       |       |    61 |  2805 ||  2866
       Figurine of a zig |       |       |       |       |       |       |       |       |     4 ||     4
  Use: Scroll            |       |     1 |     7 |     4 |     9 |    20 |     1 |     4 |    78 ||   124
       Potion            |       |       |     1 |    11 |     7 |     6 |     5 |     2 |    73 ||   105
 Stab: Sleeping          |     1 |       |     2 |       |       |     3 |     3 |     1 |       ||    10
       Confused          |       |     2 |    10 |     5 |    37 |     4 |     3 |       |       ||    61
       Invisible         |       |       |       |       |     1 |       |       |       |     3 ||     4
       Distracted        |       |       |       |       |     2 |     5 |     1 |     2 |     6 ||    16
  Eat: Chunk             |     2 |     7 |    10 |    22 |    20 |       |       |       |       ||    61
       Ration            |       |       |     2 |     1 |    20 |    16 |    10 |     9 |    14 ||    72
Armor: Robe              |     7 |    11 |    19 |       |    23 |       |       |       |       ||    60
       Leather armour    |       |       |    26 |   103 |    37 |       |       |       |       ||   166
       Skin              |       |       |       |     6 |       |       |       |       |       ||     6
       Steam dragon scal |       |       |       |       |    20 |       |       |       |       ||    20
       Troll leather arm |       |       |       |       |    68 |   177 |   160 |   106 |   823 ||  1334
Dodge: Dodged            |    26 |    32 |   103 |   160 |   341 |   389 |   296 |   244 |  1967 ||  3558
       Deflected         |       |       |       |       |       |       |     2 |    12 |    10 ||    24
Block: Buckler           |       |       |       |       |    87 |       |       |       |       ||    87
       Reflection        |       |       |       |       |    25 |     1 |    36 |       |       ||    62
       Large shield      |       |       |       |       |   429 |   890 |   998 |   980 |  4328 ||  7625
